Cogmind - Beta 14 @@@ ROGUE MODE // 2024.09.24 @ 22:52:37 Player: Zaros426 Result: Destroyed by Alpha 7 with Enhanced Gamma Rifle Performance ------------- Evolutions (9) 4500 Regions Visited (30) 6000 Robots Destroyed (394) 1970 Value Destroyed (21638) 21638 Prototype IDs (88) 1760 Alien Tech Used (3) 600 Bonus (18800) 18800 TOTAL SCORE: 55268 Bonus ------- High Alert Combat Kills 4087 Follower Combat Kills 6502 Entered Garrisons 1000 Used RIF Installer 2000 Aligned with FarCom 300 Built Enhanced Grunts 300 Met R17 at Cetus 500 Found Hidden Lab 3000 Met R17 at Research 2000 Friendly Fire -889 Cogmind --------- Core Integrity 0/1600 Matter 255/300 Energy 100/100 System Corruption 63% Temperature Cool (0) Movement Core (50) Location -1/Command Parts ------- > --- POWER (3) -------- (None) > --- PROPULSION (8) --- (None) > --- UTILITY (10) ----- (None) > --- WEAPON (5) ------- (None) > --- INVENTORY (5) ---- Improved Matter Compressor (300) Improved Trap Scanner Triangulator Improved Armor Integrity Analyzer Skeleton Box Peak State ------------ > --- POWER ------------ Quantum Reactor Quantum Reactor Reinforced Quantum Reactor > --- PROPULSION ------- Improved Heavy Treads Improved Heavy Treads Improved Heavy Treads Armored Heavy Treads > --- UTILITY ---------- Advanced Cooling System Cargo Storage Unit Enhanced Optical Array Advanced Transmission Jammer Advanced Phase Shifter Experimental Powered Armor Advanced Force Field Relay Coupler [Behemoth] Improved Dynamic Insulation System > --- WEAPON ----------- PD Laser Quantum Rifle Enhanced Quantum Rifle > --- INVENTORY -------- Light Quantum Reactor Enhanced Armored Medium Treads Enhanced Armored Medium Treads Improved Heavy Treads Improved Heavy Treads Advanced Cooling System Large Storage Unit Advanced Energy Well Improved Matter Compressor Improved Trap Scanner Advanced Sensor Array Improved Armor Integrity Analyzer ECM Suite Graphene Brace Advanced Thermal Shield Relay Coupler [Sentry] Relay Coupler [Hunter] Skeleton Box Long-range Tractor Beam Hypervelocity EM Gauss Rifle Tachyon Dispersion Ray Quantum Rifle Heavy Linear Accelerator Heavy Linear Accelerator Guided Remote Datajack [Rating: 201] Favorites ----------- Power Antimatter Reactor Engine Heavy Ion Engine Power Core Hybrid Fission Core Reactor Antimatter Reactor Propulsion Light Treads Treads Light Treads Leg Flexi-carbon Leg Wheel Compact Wheel Hover Unit Improved Antigrav System Flight Unit Improved Diametric Drive Utility Huge Storage Unit Device Advanced Transmission Jammer Storage Huge Storage Unit Processor Enhanced Optical Array Hackware Relay Coupler [NC] Protection Centrium Medium Armor Plating Weapon Heavy Assault Rifle Energy Gun Enhanced Quantum Rifle Energy Cannon Heavy Disruptor Cannon Ballistic Gun Heavy Assault Rifle Ballistic Cannon Bore Cannon Launcher Grenade Launcher Special Weapon Remote Datajack Impact Weapon Powered Hammer Slashing Weapon Longsword +1 Piercing Weapon Plasma Lance Special Melee Weapon Datajack Build | -11 -10 -10 -9 -9 -9 -8 -8 -8 -7 -7 -6 -6 -6 -6 -6 -6 -6 -6 -5 -5 -5 -5 -4 -3 -3 -3 -2 -2 -1 -1 ------- Run | Yrd Mat Min Mat Min Exi Min Mat Gar Fac Gar Fac Was Fac Ext Cet Arc Hub Gar Fac Was Fac Gar Fac Res Arm Lab Res Gar Acc Com Slots Evolved 18 | . . . 2 . . . 2 . 2 . 2 . . . . . . . 2 . . . 2 2 . . 2 . 2 . Power 2 | . . . . . . . . . . . . . . . . . . . 1 . . . . . . . 1 . . . Propulsion 6 | . . . . . . . 1 . . . 1 . . . . . . . . . . . . 2 . . . . 2 . Utility 8 | . . . . . . . 1 . 2 . 1 . . . . . . . 1 . . . 2 . . . 1 . . . Weapon 2 | . . . 2 . . . . . . . . . . . . . . . . . . . . . . . . . . . Parts Attached 1010 | 7 8 2 36 . 4 1 14 28 30 57 6 19 56 73 16 17 23 35 7 23 35 27 62 18 111 15 23 75 54 128 Power 69 | 1 . . 4 . . . . . . 1 . 2 1 5 . 1 2 . 1 2 2 2 4 2 14 1 1 6 4 13 Engine 8 | 1 . . 4 . . . . . . 1 . . . . . . . . . . . 1 . . . . . . . 1 Core 11 | . . . . . . . . . . . . 1 . 4 . 1 . . 1 1 . . 1 . 1 . . 1 . . Reactor 50 | . . . . . . . . . . . . 1 1 1 . . 2 . . 1 2 1 3 2 13 1 1 5 4 12 Propulsion 146 | 2 . . 8 . 1 . 3 9 4 8 2 3 8 21 2 . . 3 . 8 . 2 2 1 18 . . 5 5 31 Treads 96 | 2 . . 8 . 1 . 2 6 4 8 2 3 2 10 2 . . 3 . 6 . 2 2 1 13 . . 5 5 9 Leg 19 | . . . . . . . . . . . . . 1 6 . . . . . 1 . . . . 3 . . . . 8 Wheel 20 | . . . . . . . 1 3 . . . . 5 5 . . . . . . . . . . . . . . . 6 Hover 8 | . . . . . . . . . . . . . . . . . . . . . . . . . . . . . . 8 Flight 3 | . . . . . . . . . . . . . . . . . . . . 1 . . . . 2 . . . . . Utility 406 | 2 1 . 1 . . . 8 5 8 20 1 5 27 29 5 8 13 21 5 11 23 15 28 9 39 6 12 31 32 41 Device 248 | 1 . . . . . . 2 . . 3 . 3 17 21 3 7 8 6 3 7 15 11 19 6 28 3 8 22 25 30 Storage 15 | 1 1 . . . . . 1 1 . . . . . . . . . 2 . . 1 . . . 2 . . 1 . 5 Processor 17 | . . . 1 . . . . 1 1 1 . . 3 1 . . . . . . 1 . . 1 . . 1 . 1 5 Hackware 44 | . . . . . . . 2 . 4 10 1 . 4 . . . 2 4 1 . 1 2 4 . 1 1 . 3 4 . Protection 82 | . . . . . . . 3 3 3 6 . 2 3 7 2 1 3 9 1 4 5 2 5 2 8 2 3 5 2 1 Artifact . | . . . . . . . . . . . . . . . . . . . . . . . . . . . . . . . Weapon 389 | 2 7 2 23 . 3 1 3 14 18 28 3 9 20 18 9 8 8 11 1 2 10 8 28 6 40 8 10 33 13 43 Energy Gun 63 | 1 1 . 1 . . . 1 . . . . . . 1 1 . . . . . . . . . 9 6 4 14 4 20 Energy Cannon 12 | . . . 1 . . . . . . . . 2 1 . . . . . . . . . . 1 4 1 . . . 2 Ballistic Gun 151 | 1 1 . 17 . 1 1 2 8 8 16 1 3 15 5 4 2 4 9 . 2 5 4 14 3 11 . 1 5 . 8 Ballistic Cannon 37 | . 2 1 2 . . . . . 3 1 . . 1 6 4 4 2 . . . . 1 1 . . . . 4 5 . Launcher 9 | . . 1 1 . . . . 1 1 . . . . . . . . . . . 1 1 1 . 2 . . . . . Special Weapon 71 | . 3 . . . . . . . 5 6 2 2 1 5 . . 1 1 1 . 1 1 7 1 9 1 5 5 4 10 Impact Weapon 8 | . . . . . . . . . . . . . . . . . . . . . . . . . 1 . . 4 . 3 Slashing Weapon 32 | . . . . . . . . 5 1 4 . 2 2 1 . 1 1 1 . . 3 1 5 1 4 . . . . . Piercing Weapon 1 | . . . . . . . . . . . . . . . . . . . . . . . . . . . . 1 . . Special Melee Weapon 5 | . . . 1 . 2 . . . . 1 . . . . . 1 . . . . . . . . . . . . . . Unidentified Prototypes 36 | . . . 5 . . . 1 . 1 1 . . 1 . 4 . . 1 . . 2 . 2 . 8 9 . 1 . . Corrupted Parts 4 | . . . . . . . . . . . . . . . 2 . . . . . . . . . . . . . . 2 System Corruption 28 | . . . . . . . . . . . . . . . 20 . . . . . . . . . . . . . . 8 Parts Lost 160 | . . . 1 . . . 1 1 1 3 . 1 13 5 . . 5 1 . . 1 6 7 . 20 . 1 8 13 72 Power 22 | . . . . . . . . . . . . 1 1 . . . . . . . 1 2 . . 4 . . 2 1 10 Propulsion 45 | . . . 1 . . . . 1 . . . . 4 1 . . . 1 . . . 2 2 . 3 . . . 3 27 Utility 46 | . . . . . . . 1 . . . . . 4 1 . . 1 . . . . 2 3 . 6 . 1 4 7 16 Weapon 47 | . . . . . . . . . 1 3 . . 4 3 . . 4 . . . . . 2 . 7 . . 2 2 19 Highest Loss Streak 24 | . . . 1 . . . 1 1 1 1 . 1 13 3 . . 3 1 . . 1 2 2 . 15 . 1 4 7 24 To Critical Strikes 4 | . . . . . . . . . . . . . 3 . . . . . . . . . . . 1 . . . . . Average Slot Usage (%) 88 | . 100 100 98 100 100 100 99 99 97 95 97 77 84 89 85 71 84 86 93 90 87 74 78 74 84 83 91 79 70 69 Engine 3 | . 14 14 11 11 11 11 9 9 7 7 6 . . . . . . . . . . 2 2 . . . . . . . Core 1 | . . . . . . . . . . . . 1 . 4 6 6 2 . 4 5 4 . . . . . . 1 . . Reactor 3 | . . . . . . . . . . . . 3 5 1 . . 3 6 5 5 5 6 6 4 8 9 9 9 10 7 Treads 17 | . 28 28 22 22 22 22 26 22 23 22 23 19 11 13 20 13 13 14 17 13 11 10 10 10 17 27 25 18 15 9 Leg 1 | . . . . . . . . . . . . . . 8 . . . . . . . . . . 4 . . . . 4 Device 10 | . 14 14 4 . . . 7 . . 2 6 5 11 10 16 10 15 11 6 10 20 8 16 21 17 15 17 17 18 18 Storage 6 | . 14 14 11 11 11 11 9 9 7 7 6 6 6 6 6 6 6 6 5 5 5 5 5 4 4 4 4 4 3 4 Processor 6 | . . . 6 11 11 11 6 7 10 4 . . 15 8 6 6 6 6 5 5 5 5 5 4 9 9 9 5 2 6 Hackware 3 | . . . . . . . 1 . 7 13 13 4 2 . . . . . 10 7 3 . 6 4 2 1 4 4 5 . Protection 5 | . . . . . . . 3 10 9 5 13 7 1 5 9 12 10 13 9 8 2 7 3 2 2 4 4 3 . . Energy Gun 1 | . 3 . . . . . . . . . . . . 1 . . . . . . . . . . 1 5 9 6 5 5 Ballistic Gun 16 | . 10 14 37 44 36 44 36 29 26 23 22 13 18 14 6 3 10 17 11 12 14 16 15 13 7 . 1 1 . 2 Ballistic Cannon 2 | . 10 8 4 . . . . . . . . . . 3 11 3 10 3 . . . . 1 . . . . 3 3 . Special Weapon 1 | . 2 . . . . . . . 2 2 3 5 2 2 . . 1 . 4 5 4 . 1 . . . 1 1 . . Slashing Weapon 1 | . . . . . . . . 5 . 2 . 5 1 1 . 4 . 4 5 3 2 4 . 3 . . . . . . Peak Build Rating 201 | 7 8 8 19 19 21 21 28 37 48 57 60 101 101 73 119 119 121 121 110 113 123 125 128 132 152 173 188 189 201 193 Average Rating 83 | 6 7 8 16 19 19 21 26 33 42 47 57 82 89 60 86 103 113 96 106 104 113 114 119 113 127 142 178 173 191 134 On Entrance 80 | . 7 8 8 19 19 20 21 26 32 39 56 58 101 62 67 119 114 119 101 105 105 123 111 99 127 152 172 184 183 139 Naked Turns 1 | . . . . . . . . . . . . . . . . . . . . . . . . . . . . . . 1 Heaviest Build 295 | 14 31 31 41 40 40 40 77 110 114 123 123 160 160 152 146 144 143 141 139 163 156 185 195 149 165 137 151 288 295 260 Greatest Support 295 | 40 40 40 40 40 40 40 63 63 60 60 80 140 140 83 160 160 160 160 130 150 140 140 140 127 210 210 210 225 295 295 Greatest Overweight (x) 35 | . . . 1 . . . 4 6 1 2 1 1 35 4 1 . . 1 1 2 1 1 1 1 14 . . 1 1 4 Average Overweight (x) . | . . . . . . . . 3 1 1 1 . . 1 . . . . . . . . . 1 . . . . . . Largest Inventory Capacity 30 | 8 15 15 15 15 15 15 20 25 25 25 25 25 25 25 25 25 25 25 25 25 25 25 25 25 25 15 15 30 30 30 Average Capacity 22 | 7 14 15 15 15 15 15 18 23 25 25 25 25 25 25 25 25 25 25 25 25 25 25 25 25 19 15 15 22 30 16 Most Carried 30 | 4 14 12 15 15 15 15 20 25 25 25 25 25 25 25 25 25 25 25 25 25 25 25 25 25 25 15 15 30 30 20 Average Carried 20 | 1 8 12 14 15 14 15 16 22 24 24 24 24 24 24 24 24 24 24 23 24 24 21 24 24 18 14 14 21 26 12 Final Capacity 30 | 8 15 15 15 15 15 15 20 25 25 25 25 25 25 25 25 25 25 25 25 25 25 25 25 25 15 15 15 30 30 5 Final Carried 30 | 4 12 12 15 15 15 15 17 25 25 25 25 25 21 25 25 25 22 25 23 25 25 22 25 25 15 15 14 30 14 5 Class Distribution -------------------- 27% | Scavenger-Tank 12% | Bothacker-Tank 9% | Scavenger-Gunner 9% | Scavenger-Skirmisher 8% | Mutant 6% | Skirmisher 5% | Gunner 4% | Bothacker-Gunner 3% | Scavenger-Mutant 3% | Tank Dominant Class ---------------- Mutant | -10/Materials Mutant | -10/Mines Scavenger-Gunner | -9/Materials Gunner | -9/Mines Gunner | -9/Exiles Skirmisher | -8/Mines Skirmisher | -8/Materials Scavenger-Skirmisher | -8/Garrison Bothacker-Tank | -7/Factory Bothacker-Gunner | -7/Garrison Bothacker-Tank | -6/Factory Bothacker-Tank | -6/Waste Scavenger-Gunner | -6/Factory Scavenger-Tank | -6/Extension Scavenger-Tank | -6/Cetus Scavenger-Mutant | -6/Archives Scavenger-Tank | -6/Hub_04(d) Scavenger-Tank | -6/Garrison Bothacker-Tank | -5/Factory Bothacker-Tank | -5/Waste Scavenger-Skirmisher | -5/Factory Scavenger-Tank | -5/Garrison Scavenger-Tank | -4/Factory Infiltrator-Tank | -3/Research Scavenger-Tank | -3/Armory Commander-Tank | -3/Lab Commander-Tank | -2/Research Scavenger-Tank | -2/Garrison Scavenger-Tank | -1/Access Scavenger-Tank | -1/Command Resources | -11 -10 -10 -9 -9 -9 -8 -8 -8 -7 -7 -6 -6 -6 -6 -6 -6 -6 -6 -5 -5 -5 -5 -4 -3 -3 -3 -2 -2 -1 -1 ----------- Run | Yrd Mat Min Mat Min Exi Min Mat Gar Fac Gar Fac Was Fac Ext Cet Arc Hub Gar Fac Was Fac Gar Fac Res Arm Lab Res Gar Acc Com Matter Collected 26337 | 279 401 141 1132 . . 41 395 1001 819 1069 123 271 1868 2012 484 435 1314 693 . 473 1208 832 1772 368 2276 195 449 2626 1397 2263 Remotely 4972 | . . . . . . . . . . . . . . 196 . . 355 . . . . 350 987 . 347 . . 1018 772 947 Salvage Created 22238 | 223 410 132 1642 . . . 594 1322 659 772 . 1407 2226 727 212 497 953 379 . 1004 1033 890 1131 91 640 . 614 1734 982 1964 Parts 982 | 18 26 13 110 . . . 31 58 38 43 . 23 117 26 5 34 41 23 . 13 47 28 63 8 51 . 25 55 41 45 Haulers Intercepted 14 | . 2 . 3 . . . 2 . 1 . . . 4 . . . . . . . 2 . . . . . . . . . Recyclers Shooed 10 | 1 2 . . . . . . . . . . . 2 1 . . . . . . 1 . . . . . . . . 3 Parts Field Recycled . | . . . . . . . . . . . . . . . . . . . . . . . . . . . . . . . Retrieved Matter . | . . . . . . . . . . . . . . . . . . . . . . . . . . . . . . . Parts Self-Destructed . | . . . . . . . . . . . . . . . . . . . . . . . . . . . . . . . Prevented . | . . . . . . . . . . . . . . . . . . . . . . . . . . . . . . . Kills | -11 -10 -10 -9 -9 -9 -8 -8 -8 -7 -7 -6 -6 -6 -6 -6 -6 -6 -6 -5 -5 -5 -5 -4 -3 -3 -3 -2 -2 -1 -1 ------- Run | Yrd Mat Min Mat Min Exi Min Mat Gar Fac Gar Fac Was Fac Ext Cet Arc Hub Gar Fac Was Fac Gar Fac Res Arm Lab Res Gar Acc Com Combat Hostiles Destroyed 318 | . 8 9 25 . . . 9 33 12 16 . 6 25 9 3 3 18 4 . 4 16 15 22 2 10 . 9 19 19 22 Melee 24 | . . . . . . . . 7 . 3 . 6 1 . . . . . . 4 . . . 1 . . . . . 2 Guns 194 | . 1 1 15 . . . 9 20 10 13 . . 22 8 . . 12 4 . . 14 15 20 1 5 . 4 4 2 14 Cannons 72 | . 7 2 8 . . . . . . . . . 2 1 3 3 6 . . . . . 2 . 3 . 1 15 17 2 AOE 23 | . . 6 2 . . . . 6 2 . . . . . . . . . . . 2 . . . 2 . 3 . . . Classes Destroyed 24 | 2 4 . 5 . . . 2 3 1 1 . 1 1 . . . . . . . . 1 . . 2 . . 1 . . Worker 14 | . . . 4 . . . . . 2 . . . 6 . . . 1 . . . . . . . . . . . 1 . Builder 9 | . . . . . . . . . . . . . 6 1 . . . . . . 1 . 1 . . . . . . . Tunneler 8 | 7 . 1 . . . . . . . . . . . . . . . . . . . . . . . . . . . . Hauler 14 | . 2 . 3 . . . 2 . 1 . . . 4 . . . . . . . 2 . . . . . . . . . Recycler 10 | 1 1 1 2 . . . . . . . . . 1 2 . . . . . . . . . . . . . . 1 1 Mechanic 1 | . . . 1 . . . . . . . . . . . . . . . . . . . . . . . . . . . Operator 13 | . . . 2 . . . . . . . . . 1 . . 9 . . . . . . . . . . . . . 1 Watcher 22 | . 3 . 5 . . . 2 1 2 . . . 2 2 . . 1 . . . . . . . . . . . . 4 Swarmer 50 | . 3 9 2 . . . 1 2 2 3 . . 3 3 . . 3 . . . 4 . 5 1 1 . 3 . 4 1 Cutter 3 | . . . . . . . . . . 1 . . . . . . . . . . . . . . . . . 2 . . Grunt 105 | . 5 . 10 . . . 4 5 6 4 . . 11 1 . . 7 . . . 5 12 4 1 3 . 3 8 8 8 Brawler 8 | . . . 3 . . . . . . . . . . . . . 1 . . . . . . . . . . 2 1 1 Duelist 7 | . . . . . . . 1 . 1 . . . . . . . . . . . . 1 . . 1 . . . 2 1 Protector 3 | . . . . . . . . . 1 . . . . . . . . . . . . . . . . . . . 2 . Sentry 37 | . . . 10 . . . 2 5 1 3 . . . 5 . 3 3 3 . . . . . . . . . 2 . . Demolisher 1 | . . . . . . . . . . . . . . . . . . . . . . . . . 1 . . . . . Specialist 3 | . . . . . . . . 1 . . . . 2 . . . . . . . . . . . . . . . . . Hunter 30 | . . . . . . . 1 . 1 1 . . 7 . . . 2 1 . . 1 . 8 . . . 1 2 . 5 Programmer 38 | . . . . . . . . 3 . 4 . . 2 . . . 2 . . . 6 1 5 . 3 . 2 2 2 6 Heavy 1 | . . . . . . . . . . . . . . . . . . . . . . . . . 1 . . . . . Behemoth 2 | . . . . . . . . . . . . . . . . . . . . . . 1 . . . . . 1 . . Compactor 10 | . . . . . . . . . . . . 6 . . . . . . . 4 . . . . . . . . . . Cetus Guard 3 | . . . . . . . . . . . . . . . 3 . . . . . . . . . . . . . . . Striker 1 | . . . . . . . . . . . . . . . . . . . . . . . . . . . . 1 . . Assembled 17 | . . . . . . . . 17 . . . . . . . . . . . . . . . . . . . . . . Infiltrator 1 | . . . . . . . . . . 1 . . . . . . . . . . . . . . . . . . . . Best Kill Streak 10 | 3 6 4 7 . . . 3 4 5 3 . 1 4 3 2 6 10 3 . 2 4 4 7 1 3 . 2 6 8 4 Combat Bots Only 10 | . 5 3 4 . . . 3 4 5 3 . 1 3 3 2 1 10 3 . 2 4 4 7 1 3 . 2 6 6 3 Max Kills in Single Turn 3 | 2 1 2 2 . . . 1 2 3 1 . 1 2 1 1 1 2 2 . 1 1 2 2 1 1 . 2 1 2 1 Gunslinging 1 | . . . . . . . . . . . . . . . . . . . . . . 1 1 . . . . . . . Exploded 2 | . . 2 2 . . . . 2 2 . . . . . . . . . . . 1 . . . 1 . 2 . . . Melee 1 | . . . . . . . . 1 . 1 . 1 1 . . . . . . 1 . . . 1 . . . . . 1 Uniques/NPCs Destroyed 1 | . . . . . . . . . . . . . . . . . . . . . . . . . . 1 . . . . A5 (-3/Lab) Combat | -11 -10 -10 -9 -9 -9 -8 -8 -8 -7 -7 -6 -6 -6 -6 -6 -6 -6 -6 -5 -5 -5 -5 -4 -3 -3 -3 -2 -2 -1 -1 -------- Run | Yrd Mat Min Mat Min Exi Min Mat Gar Fac Gar Fac Was Fac Ext Cet Arc Hub Gar Fac Was Fac Gar Fac Res Arm Lab Res Gar Acc Com Hostile Shots Fired 3800 | . 40 21 50 . . . 38 96 76 139 12 1 290 132 12 4 267 62 . 2 128 111 300 6 247 19 145 297 416 889 Missed 1044 | . 12 6 15 . . . 12 28 30 52 4 . 64 46 5 1 52 17 . 1 35 10 80 1 72 2 29 81 137 252 Damage Taken 44799 | . 322 140 453 . . . 242 916 642 1208 149 56 3339 846 295 71 3557 473 . 20 1380 2278 3478 129 3672 266 1350 4037 3955 11525 Core 4264 | . 73 58 58 . . . 29 29 114 176 16 . 335 75 136 . 157 46 . . 52 42 246 23 657 12 92 227 100 1511 Absorbed by Shields 7628 | . . . . . . . 64 6 . 5 . . 544 219 57 . 184 81 . . 281 98 . . 830 275 1382 984 1813 805 Reduced by Siege Mode 1230 | . . . . . . . . . . . . . 118 . 6 12 210 . . . 52 133 198 . 55 . . 11 237 198 Redirected to Shielding 246 | . . . . . . . . . . . . . 151 . . . . . . . . . . . . . 95 . . . Ignored by Resistances 2684 | . . . . . . . 20 104 . . . . . 28 . . . . . . . . 75 . . . . . 194 2263 Regen/Repaired (Parts) 478 | . . . . . . . . . 37 . . . 6 . . . . . 289 129 17 . . . . . . . . . Core Remaining (%) 67 | 100 . 47 . . . 85 . 89 . 58 . . . . . . . 10 . . . 90 78 . . 44 . 78 . . Volleys Fired 1331 | 13 67 10 54 . . . 23 56 50 60 4 11 118 115 10 17 58 13 2 15 62 58 71 3 84 25 44 114 54 120 Largest 5 | 2 2 2 4 . . . 4 4 4 4 1 1 4 4 4 4 4 4 1 2 3 3 4 4 4 3 3 3 3 5 Hottest 351 | 70 100 55 108 . . . 92 99 96 116 5 88 188 148 228 206 184 123 5 58 98 98 156 130 215 250 230 271 231 351 Shots Fired 3062 | 26 103 18 193 . . . 92 183 126 131 4 13 313 227 36 36 157 40 2 22 137 133 203 9 131 28 84 218 106 291 Gun 2292 | 26 39 10 145 . . . 92 173 106 107 . 2 285 161 12 12 89 29 . 14 117 125 160 8 81 25 63 109 40 262 Cannon 488 | . 43 4 47 . . . . . . . . 5 18 12 24 24 67 10 . . . . 24 . 21 3 11 96 61 18 Launcher 30 | . . 4 1 . . . . 10 1 . . . . . . . . . . . 8 3 . . 3 . . . . . Special 252 | . 21 . . . . . . . 19 24 4 6 10 54 . . 1 1 2 8 12 5 19 1 26 . 10 13 5 11 Kinetic 2273 | 13 64 14 192 . . . 92 173 106 107 . 2 285 170 36 36 156 39 . 14 117 125 184 8 63 . 13 96 61 107 Thermal 381 | 13 39 . . . . . . . . . . . . 3 . . . . . . . . . . 19 22 16 88 32 149 Explosive 19 | . . 4 1 . . . . 10 1 . . . . . . . . . . . . . . . 3 . . . . . Electromagnetic 158 | . . . . . . . . . . . . 5 18 . . . . . . . 8 3 . . 20 6 45 21 8 24 Robot Hit Streak 44 | 4 5 4 14 . . . 13 20 10 13 5 8 15 10 4 10 10 5 1 4 18 21 19 2 11 9 12 44 17 15 Robot Miss Streak 16 | 3 4 1 3 . . . 2 6 4 6 1 1 6 7 10 2 5 3 1 2 6 2 4 1 5 4 3 6 16 3 Penetration Max 1 | . . . . . . . . . . . . . 1 1 1 . 1 1 . . 1 1 1 . 1 . 1 1 1 1 Secondary Targets 33 | . . . . . . . 2 3 2 3 . . 2 2 . . . . . . 5 4 3 . 2 . . . . 5 Max Gunslinging Chain 2 | . . . . . . . 1 1 1 1 . . 1 1 . . . . . . 1 2 1 . 1 . . . . 1 Autonomous 40 | . . . . . . . . . . . . . . . . . . . . . . . . . . . . 11 29 . Shots Hit Robots 2075 | 12 36 8 107 . 4 . 66 109 85 91 3 100 180 132 15 34 78 28 1 61 97 105 132 5 92 11 57 138 65 223 Core Hits 809 | 11 20 12 53 . . . 28 64 39 29 . 12 77 39 10 14 32 11 . 10 35 37 49 2 35 2 25 56 34 73 Critical Kills 36 | 1 . . 1 . . . . 1 1 1 . . 2 2 3 5 8 . . . 2 3 4 . 1 . 1 . . . Critical Parts Destroyed 61 | . . . 1 . . . . . . . . . 1 1 1 8 19 2 . . 4 9 8 . . . . . . 7 Critical Strikes 131 | 2 . 2 4 . . . . 4 1 2 . 1 4 4 6 14 28 3 . 1 6 15 14 . 2 . 1 4 5 8 Burn 1 | 1 . . . . . . . . . . . . . . . . . . . . . . . . . . . . . . Destroy 99 | 1 . . 2 . . . . 1 1 1 . . 3 4 6 14 28 3 . . 6 14 12 . 1 . 1 . . 1 Blast 15 | . . 2 2 . . . . . . . . . . . . . . . . . . . 2 . . . . 4 5 . Corrupt 2 | . . . . . . . . . . . . . . . . . . . . . . . . . 1 . . . . 1 Smash 6 | . . . . . . . . . . . . . . . . . . . . . . . . . . . . . . 6 Sever 8 | . . . . . . . . 3 . 1 . 1 1 . . . . . . 1 . 1 . . . . . . . . Melee Attacks 470 | . . . . . 4 . . 105 1 36 . 91 24 3 . 10 2 48 1 46 13 14 10 4 5 . . 10 . 43 Thermal 2 | . . . . . . . . . . . . . . . . . . . . . . . . . 2 . . . . . Impact 53 | . . . . . . . . . . . . . . . . . . . . . . . . . . . . 10 . 43 Slashing 408 | . . . . . . . . 105 1 33 . 91 24 3 . 10 2 48 1 46 13 14 10 4 3 . . . . . Piercing . | . . . . . . . . . . . . . . . . . . . . . . . . . . . . . . . Sneak Attacks 166 | . . . . . 4 . . 3 . 4 . 90 6 1 . 7 . 1 . 46 3 . 1 . . . . . . . Combat Hostiles 144 | . . . . . . . . 3 . 3 . 90 . . . . . 1 . 46 . . 1 . . . . . . . Follow-up Attacks . | . . . . . . . . . . . . . . . . . . . . . . . . . . . . . . . Damage Inflicted 59809 | 159 622 338 1905 . . . 978 3766 1698 1693 . 4101 4927 1600 445 1460 2343 944 . 2226 3076 2651 3110 111 2388 239 1707 6587 3957 6778 Guns 32745 | 159 225 54 1204 . . . 978 1302 1162 1068 . . 3720 1390 216 269 1691 518 . 193 2337 2510 2478 73 1469 225 928 2530 1095 4951 Cannons 10954 | . 397 69 612 . . . . . . . . 12 304 76 229 305 652 55 . . . . 463 . 398 14 176 3823 2826 543 Explosions 3033 | . . 215 89 . . . . 335 536 . . . 45 . . . . . . . 291 42 . . 443 . 603 234 . 200 Melee 13000 | . . . . . . . . 2129 . 625 . 4089 858 134 . 886 . 371 . 2033 448 99 138 38 74 . . . . 1078 Ramming 77 | . . . . . . . . . . . . . . . . . . . . . . . 31 . 4 . . . 36 6 Kinetic 34582 | 47 548 123 1816 . . . 978 1302 1162 1068 . . 3720 1447 445 574 2343 573 . 193 2337 2510 2941 73 1225 . 282 3823 2826 2226 Thermal 9429 | 112 74 . . . . . . . 494 . . . 45 19 . . . . . . . . . . 422 225 1042 2641 1093 3262 Explosive 1124 | . . 215 89 . . . . 335 42 . . . . . . . . . . . . . . . 443 . . . . . Electromagnetic 1597 | . . . . . . . . . . . . 12 304 . . . . . . . 291 42 . . 220 14 383 123 2 206 Impact 1078 | . . . . . . . . . . . . . . . . . . . . . . . . . . . . . . 1078 Slashing 11922 | . . . . . . . . 2129 . 625 . 4089 858 134 . 886 . 371 . 2033 448 99 138 38 74 . . . . . Piercing . | . . . . . . . . . . . . . . . . . . . . . . . . . . . . . . . Highest Corruption 63 | . . . . . . . 1 2 . 1 . 24 25 25 45 45 27 27 . . 4 1 8 . 12 18 3 8 19 63 Average Corruption 16 | . . . . . . . 1 1 . 1 . 21 24 25 40 33 25 27 . . 3 1 5 . 7 17 2 6 9 29 Corruption Purged 26 | . . . . . . . . . . . . . . . . 21 . . . . 4 1 . . . . . . . . Corruption Blocked . | . . . . . . . . . . . . . . . . . . . . . . . . . . . . . . . Effects 881 | . . . . . . . 2 29 . 14 . 48 142 150 44 35 67 90 . . 14 . 13 . 51 35 4 37 16 90 Message Errors 173 | . . . . . . . . 6 . 2 . 10 29 30 3 8 11 22 . . 4 . 4 . 8 9 1 7 2 17 Matter Fused 188 | . . . . . . . 1 7 . 3 . 7 26 34 6 6 8 30 . . 2 . 3 . 9 10 1 8 5 22 Heat Flow Errors 96 | . . . . . . . . 3 . 2 . 6 16 21 5 5 6 8 . . 1 . 2 . 4 2 . 5 1 9 Energy Discharges 101 | . . . . . . . . 2 . 2 . 8 18 12 6 2 6 9 . . 2 . 1 . 13 4 . 5 3 8 Parts Rejected 17 | . . . . . . . . . . . . 1 5 2 . 1 3 1 . . . . . . . . . . 1 3 Parts Fused 8 | . . . . . . . . . . . . 1 3 . 1 . . 1 . . . . . . 1 1 . . . . Data Loss (minor) 115 | . . . . . . . . 6 . 3 . 2 16 20 5 8 9 8 . . 3 . 2 . 12 3 2 6 1 9 Data Loss (major) 45 | . . . . . . . 1 2 . 1 . 5 5 7 1 . 7 6 . . 1 . . . 1 3 . 2 . 3 Misfires 22 | . . . . . . . . . . 1 . 2 4 3 1 1 5 3 . . . . . . . . . 1 . 1 Alerts 18 | . . . . . . . . 2 . . . 2 3 3 1 1 2 1 . . . . . . 1 . . 1 . 1 Misdirections 29 | . . . . . . . . . . . . 4 5 4 10 . 2 . . . . . . . 1 . . . . 3 Weapon Failures 69 | . . . . . . . . 1 . . . . 12 14 5 3 8 1 . . 1 . 1 . 1 3 . 2 3 14 Overload Shots 7 | . . . . . . . . . . . . . . . . . . . . . . . . . 7 . . . . . Overflow Damage 2151 | . . . 8 . . . . 247 57 57 . . 246 21 . 339 . 30 . . . . 34 . 7 . 76 354 202 473 Projectiles 598 | . . . . . . . . . . . . . 8 . . . . . . . . . 34 . . . . 354 202 . Explosions 148 | . . . 8 . . . . . 57 . . . . . . . . . . . . . . . 7 . 76 . . . Melee 1405 | . . . . . . . . 247 . 57 . . 238 21 . 339 . 30 . . . . . . . . . . . 473 Knockbacks 67 | . 3 1 1 . . . . . . . . . . 1 1 1 5 . . . . . 5 . 1 . . 28 19 1 Impact 1 | . . . . . . . . . . . . . . . . . . . . . . . . . 1 . . . . . Kinetic 59 | . 3 1 1 . . . . . . . . . . 1 1 1 5 . . . . . 5 . . . . 27 13 1 Secondary 7 | . . . . . . . . . . . . . . . . . . . . . . . . . . . . 1 6 . Self-Inflicted Damage 311 | . . 16 . . . . . 67 . . . . 96 . . . . . . . . 21 . . 111 . . . . . Shots 11 | . . 1 . . . . . 4 . . . . 2 . . . . . . . . 2 . . 2 . . . . . Rammed 9 | . . . . . . . . . . . . . . . . . . . . . . . 3 . 3 . . . 2 1 Targets Rammed 9 | . . . . . . . . . . . . . . . . . . . . . . . 3 . 3 . . . 2 1 Kicked . | . . . . . . . . . . . . . . . . . . . . . . . . . . . . . . . Crushed . | . . . . . . . . . . . . . . . . . . . . . . . . . . . . . . . Highest Temperature 592 | 90 290 . 139 . . . 86 270 169 248 22 269 273 409 536 263 336 466 . . 270 300 320 . 383 592 211 351 454 486 Average Temperature 82 | 32 60 . 33 . . . 28 48 51 64 22 98 82 99 167 77 98 117 . . 79 64 71 . 104 184 74 79 117 107 Received Heat Transfer 5352 | . 174 . 138 . . . 69 245 219 183 75 . 164 169 . 18 1158 89 . 9 248 680 99 . 200 . 33 298 275 809 Effects 30 | . . . . . . . . . . 1 . . . 2 4 . 1 3 . . 2 1 . . 1 2 . . 4 9 Shutdowns 8 | . . . . . . . . . . . . . . 1 1 . . 1 . . . . . . 1 1 . . 1 2 Energy Bleed 8 | . . . . . . . . . . . . . . 1 2 . 1 1 . . 1 1 . . . . . . . 1 Interference 11 | . . . . . . . . . . 1 . . . . . . . . . . 1 . . . . . . . 3 6 Matter Decay 1 | . . . . . . . . . . . . . . . . . . 1 . . . . . . . . . . . . Damage (minor) 1 | . . . . . . . . . . . . . . . . . . . . . . . . . . 1 . . . . Damage (core) 1 | . . . . . . . . . . . . . . . 1 . . . . . . . . . . . . . . . Siege Activations 48 | . . . . . . . . . . . . . 9 . 1 2 5 . . . 5 6 7 . 1 . . 1 5 6 Total Turns 912 | . . . . . . . . . . . . . 119 . 17 40 98 . . . 82 151 137 . 5 . . 16 103 144 Longest Duration 64 | . . . . . . . . . . . . . 25 . 17 32 39 . . . 19 64 34 . 5 . . 16 38 51 Robots Corrupted 4 | . . . . . . . . . . . . . . . . . . . . . . . . . . . 1 . 1 2 Combat Hostiles 2 | . . . . . . . . . . . . . . . . . . . . . . . . . . . 1 . . 1 Parts Fried 11 | . . . . . . . . . . . . . 2 . . . . . . . 1 . . . 2 . 2 2 . 2 Impact Corruptions 20 | . . . . . . . . . . . . . . . . . . . . . . . . . . . . . 1 19 Robots Melted 3 | . . . . . . . . . . . . . . . . . . . . . . . . . . . . . . 3 Combat Hostiles 3 | . . . . . . . . . . . . . . . . . . . . . . . . . . . . . . 3 Parts Melted 23 | 1 . . . . . . . . 3 2 . . . . . . . . . . . . . 1 . . . 4 . 12 Heat Transferred 10392 | 407 222 . . . . . . . 300 . . . 50 37 . . . . . . . . . . 370 242 662 3239 791 4072 Parts Sabotaged 1 | . . . . . . . . . . . . . . . . . . . . . . . . . 1 . . . . . Parts Stolen . | . . . . . . . . . . . . . . . . . . . . . . . . . . . . . . . Parts Stripped . | . . . . . . . . . . . . . . . . . . . . . . . . . . . . . . . Power Chain Reactions 5 | . . . . . . . . . . . . . . . . . . . . . . . . . . . 3 1 . 1 Alert | -11 -10 -10 -9 -9 -9 -8 -8 -8 -7 -7 -6 -6 -6 -6 -6 -6 -6 -6 -5 -5 -5 -5 -4 -3 -3 -3 -2 -2 -1 -1 ------- Run | Yrd Mat Min Mat Min Exi Min Mat Gar Fac Gar Fac Was Fac Ext Cet Arc Hub Gar Fac Was Fac Gar Fac Res Arm Lab Res Gar Acc Com Peak Influence 2498 | 40 162 270 479 186 . . 167 2443 1446 2498 1327 357 490 678 434 435 756 2197 1154 403 652 1069 567 305 494 . 326 1125 1290 1035 Initial 1311 | . 26 27 . 186 . . . 25 1282 805 1311 357 . 240 350 172 82 529 1152 403 . 412 560 235 63 . . 195 674 691 Average 564 | 15 72 106 309 186 . . 53 1162 1119 1597 1071 193 200 361 388 323 267 1502 1152 158 263 748 377 229 233 . 121 763 917 733 Maximum Alert Level 5 | . . 1 2 . . . . 5 4 5 4 1 2 2 2 2 3 5 4 2 2 3 2 1 2 . 1 4 4 3 Low Security (%) 29 | 100 100 92 7 100 . 100 100 10 . . . 58 60 7 . 3 55 . . 76 41 . . 22 34 . 62 5 . . Level 1 26 | . . 7 80 . . . . 8 . . . 41 24 69 30 62 19 . . 18 28 . 59 77 56 . 37 18 . . Level 2 15 | . . . 12 . . . . 14 . . . . 14 23 69 34 23 8 . 4 30 40 39 . 8 . . 6 33 32 Level 3 11 | . . . . . . . . 14 51 16 55 . . . . . 1 14 . . . 59 . . . . . 50 39 67 Level 4 8 | . . . . . . . . 16 48 30 44 . . . . . . 33 100 . . . . . . . . 18 26 . Level 5 8 | . . . . . . . . 35 . 53 . . . . . . . 44 . . . . . . . . . . . . High Security . | . . . . . . . . . . . . . . . . . . . . . . . . . . . . . . . Max Security . | . . . . . . . . . . . . . . . . . . . . . . . . . . . . . . . Squads Dispatched 83 | . 3 . 3 . . . 4 . 7 . 1 . 10 2 . . 7 . . . 12 . 9 2 6 . 3 . 8 6 Investigation 19 | . 2 . 2 . . . 1 . 1 . 1 . 3 . . . 2 . . . 2 . 3 1 1 . . . . . Extermination 22 | . . . . . . . . . 1 . . . 2 . . . 1 . . . 4 . 3 . 5 . 1 . 2 3 Reinforcement 25 | . 1 . 1 . . . . . 2 . . . 5 1 . . 3 . . . 4 . 2 1 . . 2 . 2 1 Assault 12 | . . . . . . . . . 2 . . . . 1 . . . . . . 2 . 1 . . . . . 4 2 Garrison 5 | . . . . . . . 3 . 1 . . . . . . . 1 . . . . . . . . . . . . . Intercept . | . . . . . . . . . . . . . . . . . . . . . . . . . . . . . . . Searches Triggered . | . . . . . . . . . . . . . . . . . . . . . . . . . . . . . . . Construction Impeded 3 | . . . . . . . . . . . . . . . . . 1 . . . . . . . . . 1 . 1 . Haulers Reinforced 6 | . . . . . . . . . . . . . 1 . . . 1 . . . 3 . . . . . 1 . . . Active Scanning Responses . | . . . . . . . . . . . . . . . . . . . . . . . . . . . . . . . Cargo Convoy Interrupts 2 | . . . . . . . . . . . . . . . . . . . . . 1 . 1 . . . . . . . Stealth | -11 -10 -10 -9 -9 -9 -8 -8 -8 -7 -7 -6 -6 -6 -6 -6 -6 -6 -6 -5 -5 -5 -5 -4 -3 -3 -3 -2 -2 -1 -1 --------- Run | Yrd Mat Min Mat Min Exi Min Mat Gar Fac Gar Fac Was Fac Ext Cet Arc Hub Gar Fac Was Fac Gar Fac Res Arm Lab Res Gar Acc Com Distress Signals 22 | . . . 4 . . . . . 2 . . . . 2 1 . 2 . . . 1 . 1 2 . . 2 . 1 4 Communications Jammed 570 | . . . . . . . . . . . . . 86 22 . . 17 . . . 102 . 47 . 6 . 216 . 74 . Distress Signals 563 | . . . . . . . . . . . . . 86 22 . . 17 . . . 101 . 47 . . . 216 . 74 . Times Spotted 714 | . 17 9 36 . . . 18 38 30 42 5 6 47 44 13 14 35 19 . 6 36 21 47 8 49 1 27 29 49 68 Peak Tracking Total 12 | . 6 3 6 . . . 6 4 6 6 4 2 3 4 5 1 8 3 . 2 4 4 8 2 7 1 5 6 10 12 Tactical Retreats 50 | . 1 . 1 . . . . 11 1 1 . . 2 . . . 2 . . . 2 5 2 1 5 . 2 1 7 6 Traps | -11 -10 -10 -9 -9 -9 -8 -8 -8 -7 -7 -6 -6 -6 -6 -6 -6 -6 -6 -5 -5 -5 -5 -4 -3 -3 -3 -2 -2 -1 -1 ------- Run | Yrd Mat Min Mat Min Exi Min Mat Gar Fac Gar Fac Was Fac Ext Cet Arc Hub Gar Fac Was Fac Gar Fac Res Arm Lab Res Gar Acc Com Traps Triggered 25 | . . . . . . . . 3 1 8 1 . 2 . . . . 7 1 . . 1 . . . . . . 1 . Indirectly 1 | . . . . . . . . . . . . . . . . . . . . . . 1 . . . . . . . . Trap Hack Attempts 26 | . . . 26 . . . . . . . . . . . . . . . . . . . . . . . . . . . Triggered . | . . . . . . . . . . . . . . . . . . . . . . . . . . . . . . . Disarmed . | . . . . . . . . . . . . . . . . . . . . . . . . . . . . . . . Reprogrammed 3 | . . . 3 . . . . . . . . . . . . . . . . . . . . . . . . . . . Reused . | . . . . . . . . . . . . . . . . . . . . . . . . . . . . . . . Traps Extracted . | . . . . . . . . . . . . . . . . . . . . . . . . . . . . . . . Installed . | . . . . . . . . . . . . . . . . . . . . . . . . . . . . . . . Triggered . | . . . . . . . . . . . . . . . . . . . . . . . . . . . . . . . Machines | -11 -10 -10 -9 -9 -9 -8 -8 -8 -7 -7 -6 -6 -6 -6 -6 -6 -6 -6 -5 -5 -5 -5 -4 -3 -3 -3 -2 -2 -1 -1 ---------- Run | Yrd Mat Min Mat Min Exi Min Mat Gar Fac Gar Fac Was Fac Ext Cet Arc Hub Gar Fac Was Fac Gar Fac Res Arm Lab Res Gar Acc Com Machines Disabled 79 | . . . 2 . . . . 7 5 7 1 . 13 2 . 3 11 4 . . 3 2 4 . 5 1 . 4 4 1 Max in Single Turn 5 | . . . 1 . . . . 1 4 1 . . 5 1 . 1 1 1 . . 1 1 2 . 1 1 . 2 1 1 Garrison Access 4 | . . . . . . . . . . . . . 3 . . . 1 . . . . . . . . . . . . . Garrison Relay 20 | . . . . . . . . 5 . 8 . . . . . . . 3 . . . 2 . . . . . 2 . . Machines Repaired . | . . . . . . . . . . . . . . . . . . . . . . . . . . . . . . . Machines Dismantled . | . . . . . . . . . . . . . . . . . . . . . . . . . . . . . . . Machines Sabotaged . | . . . . . . . . . . . . . . . . . . . . . . . . . . . . . . . Overloaded Fab Kills . | . . . . . . . . . . . . . . . . . . . . . . . . . . . . . . . Hacking | -11 -10 -10 -9 -9 -9 -8 -8 -8 -7 -7 -6 -6 -6 -6 -6 -6 -6 -6 -5 -5 -5 -5 -4 -3 -3 -3 -2 -2 -1 -1 --------- Run | Yrd Mat Min Mat Min Exi Min Mat Gar Fac Gar Fac Was Fac Ext Cet Arc Hub Gar Fac Was Fac Gar Fac Res Arm Lab Res Gar Acc Com Machines Accessed 88 | . 9 . 13 . 2 . 5 2 1 4 1 . 13 8 . . 7 . 1 . 3 1 7 2 2 1 1 . 2 3 Terminals 65 | . 7 . 9 . . . 3 2 . 4 1 . 8 8 . . 5 . 1 . 2 1 6 2 1 . . . 2 3 Fabricators 2 | . . . . . . . . . . . . . . . . . . . . . . . 1 . 1 . . . . . Repair Stations . | . . . . . . . . . . . . . . . . . . . . . . . . . . . . . . . Recycling Units 6 | . 2 . 2 . . . . . . . . . 2 . . . . . . . . . . . . . . . . . Scanalyzers 3 | . . . 2 . . . 1 . . . . . . . . . . . . . . . . . . . . . . . Garrison Access 9 | . . . . . . . 1 . 1 . . . 3 . . . 2 . . . 1 . . . . . 1 . . . Total Hacks 261 | . 32 . 45 . 24 . 20 2 1 5 4 . 25 23 . . 17 . 1 . 7 1 19 4 4 18 1 . 4 4 Successful 132 | . 15 . 25 . 24 . 13 1 1 3 2 . 9 7 . . 2 . . . 2 1 7 1 . 18 1 . . . Failed 127 | . 17 . 19 . . . 6 1 . 2 2 . 16 16 . . 15 . 1 . 5 . 12 3 4 . . . 4 4 Catastrophic 29 | . 2 . . . . . . 1 . 2 1 . 9 3 . . 5 . . . 2 . 1 . 1 . . . 1 1 Database Lockouts 2 | . . . 1 . . . 1 . . . . . . . . . . . . . . . . . . . . . . . Manual 92 | . 30 . 29 . 1 . 9 . . 1 . . 8 2 1 . 4 . . . 3 . . . . . . . 2 2 Terminals 183 | . 29 . 37 . . . 14 2 . 5 4 . 19 23 . . 12 . 1 . 5 1 17 4 2 . . . 4 4 Fabricators 4 | . . . . . . . . . . . . . . . . . . . . . . . 2 . 2 . . . . . Repair Stations . | . . . . . . . . . . . . . . . . . . . . . . . . . . . . . . . Recycling Units 9 | . 3 . 3 . . . . . . . . . 3 . . . . . . . . . . . . . . . . . Scanalyzers 10 | . . . 5 . . . 5 . . . . . . . . . . . . . . . . . . . . . . . Garrison Access 13 | . . . . . . . 1 . 1 . . . 3 . . . 5 . . . 2 . . . . . 1 . . . Terminal Hacks 88 | . 4 . 10 . 24 . 6 1 . 3 2 . 6 7 . . . . . . . 1 5 1 . 18 . . . . Record 44 | . 1 . . . 23 . . . . . . . . 1 . . . . . . . . . 1 . 18 . . . . Robot Schematic 1 | . . . 1 . . . . . . . . . . . . . . . . . . . . . . . . . . . Robot Analysis 7 | . 2 . 2 . . . 2 . . . . . . . . . . . . . . . 1 . . . . . . . Prototype ID Bank 6 | . . . 4 . . . . . . . . . . 1 . . . . . . . . 1 . . . . . . . Open Door 2 | . . . . . . . . . . 1 . . . 1 . . . . . . . . . . . . . . . . Level Access Points 1 | . . . . . . . . . . . . . . . . . . . . . . . 1 . . . . . . . Branch Access Points 1 | . . . . . . . . . . . . . 1 . . . . . . . . . . . . . . . . . Emergency Access Points 3 | . . . . . . . 1 1 . 1 . . . . . . . . . . . . . . . . . . . . Terminal Index 2 | . . . 1 . . . . . . . . . 1 . . . . . . . . . . . . . . . . . Alert Level 1 | . . . 1 . . . . . . . . . . . . . . . . . . . . . . . . . . . Unreport Threat 6 | . . . . . . . 2 . . . 2 . 1 . . . . . . . . . 1 . . . . . . . Locate Traps 7 | . 1 . . . . . . . . . . . 3 2 . . . . . . . . 1 . . . . . . . Registered Components 1 | . . . . . . . . . . . . . . 1 . . . . . . . . . . . . . . . . Zone Layout 3 | . . . 1 . . . 1 . . . . . . 1 . . . . . . . . . . . . . . . . Garrison Registry 1 | . . . . . . . . . . . . . . . . . . . . . . 1 . . . . . . . . Patrol Navigation 1 | . . . . . . . . . . 1 . . . . . . . . . . . . . . . . . . . . Derelict Proto ID Bank 1 | . . . . . 1 . . . . . . . . . . . . . . . . . . . . . . . . . Fabricator Hacks 2 | . . . . . . . . . . . . . . . . . . . . . . . 2 . . . . . . . Load Schematic 1 | . . . . . . . . . . . . . . . . . . . . . . . 1 . . . . . . . Build 1 | . . . . . . . . . . . . . . . . . . . . . . . 1 . . . . . . . Repair Station Hacks . | . . . . . . . . . . . . . . . . . . . . . . . . . . . . . . . Recycling Unit Hacks . | . . . . . . . . . . . . . . . . . . . . . . . . . . . . . . . Scanalyzer 9 | . . . 5 . . . 4 . . . . . . . . . . . . . . . . . . . . . . . Insert Component 5 | . . . 3 . . . 2 . . . . . . . . . . . . . . . . . . . . . . . Analyze 4 | . . . 2 . . . 2 . . . . . . . . . . . . . . . . . . . . . . . Garrison Access Hacks 10 | . . . . . . . 1 . 1 . . . 3 . . . 2 . . . 2 . . . . . 1 . . . Unlock Access 5 | . . . . . . . 1 . 1 . . . . . . . 1 . . . 1 . . . . . 1 . . . Seal Access 4 | . . . . . . . . . . . . . 3 . . . 1 . . . . . . . . . . . . . Coupler Status 1 | . . . . . . . . . . . . . . . . . . . . . 1 . . . . . . . . . Unauthorized Hacks 23 | . 11 . 10 . . . 2 . . . . . . . . . . . . . . . . . . . . . . . Terminals 19 | . 9 . 8 . . . 2 . . . . . . . . . . . . . . . . . . . . . . . Botnet 4 | . 2 . 2 . . . . . . . . . . . . . . . . . . . . . . . . . . . Operators 2 | . 1 . 1 . . . . . . . . . . . . . . . . . . . . . . . . . . . Skim 13 | . 6 . 5 . . . 2 . . . . . . . . . . . . . . . . . . . . . . . Fabricators . | . . . . . . . . . . . . . . . . . . . . . . . . . . . . . . . Repair Stations . | . . . . . . . . . . . . . . . . . . . . . . . . . . . . . . . Recycling Units 4 | . 2 . 2 . . . . . . . . . . . . . . . . . . . . . . . . . . . Tunnel 4 | . 2 . 2 . . . . . . . . . . . . . . . . . . . . . . . . . . . Scanalyzers . | . . . . . . . . . . . . . . . . . . . . . . . . . . . . . . . Garrison Access . | . . . . . . . . . . . . . . . . . . . . . . . . . . . . . . . Data Cores Recovered 3 | . . . 1 . . . . . . . 1 . 1 . . . . . . . . . . . . . . . . . Used 2 | . . . 1 . . . . . . . . . 1 . . . . . . . . . . . . . . . . . Hacking Detections 74 | . 8 . 11 . . . 4 2 . 3 1 . 10 7 . . 6 . 1 . 3 1 7 2 2 . 1 . 2 3 Full Trace Events 14 | . 1 . . . . . 1 . . . 1 . 3 . . . 2 . . . 2 . 3 . 1 . . . . . Feedback Events 2 | . . . . . . . 1 . . . . . . . . . 1 . . . . . . . . . . . . . Corruption 2 | . . . . . . . 1 . . . . . . . . . 1 . . . . . . . . . . . . . Feedback Blocked . | . . . . . . . . . . . . . . . . . . . . . . . . . . . . . . . Robot Schematics Acquired 1 | . . . 1 . . . . . . . . . . . . . . . . . . . . . . . . . . . Robots Built 1 | . . . . . . . . . . . . . . . . . . . . . . . 1 . . . . . . . Authchips . | . . . . . . . . . . . . . . . . . . . . . . . . . . . . . . . Time 40 | . . . . . . . . . . . . . . . . . . . . . . . 40 . . . . . . . Total Robot Build Rating 1 | . . . . . . . . . . . . . . . . . . . . . . . 1 . . . . . . . Part Schematics Acquired 4 | . . . 2 . . . 2 . . . . . . . . . . . . . . . . . . . . . . . Parts Built . | . . . . . . . . . . . . . . . . . . . . . . . . . . . . . . . Authchips . | . . . . . . . . . . . . . . . . . . . . . . . . . . . . . . . Time . | . . . . . . . . . . . . . . . . . . . . . . . . . . . . . . . Total Part Build Rating . | . . . . . . . . . . . . . . . . . . . . . . . . . . . . . . . Parts Repaired . | . . . . . . . . . . . . . . . . . . . . . . . . . . . . . . . Time . | . . . . . . . . . . . . . . . . . . . . . . . . . . . . . . . Parts Recycled . | . . . . . . . . . . . . . . . . . . . . . . . . . . . . . . . Recycled Matter . | . . . . . . . . . . . . . . . . . . . . . . . . . . . . . . . Retrieved Matter . | . . . . . . . . . . . . . . . . . . . . . . . . . . . . . . . Retrieved Components . | . . . . . . . . . . . . . . . . . . . . . . . . . . . . . . . Parts Scanalyzed 4 | . . . 2 . . . 2 . . . . . . . . . . . . . . . . . . . . . . . Part Schematics Acquired 4 | . . . 2 . . . 2 . . . . . . . . . . . . . . . . . . . . . . . Parts Damaged . | . . . . . . . . . . . . . . . . . . . . . . . . . . . . . . . Bothacking | -11 -10 -10 -9 -9 -9 -8 -8 -8 -7 -7 -6 -6 -6 -6 -6 -6 -6 -6 -5 -5 -5 -5 -4 -3 -3 -3 -2 -2 -1 -1 ------------ Run | Yrd Mat Min Mat Min Exi Min Mat Gar Fac Gar Fac Was Fac Ext Cet Arc Hub Gar Fac Was Fac Gar Fac Res Arm Lab Res Gar Acc Com Used RIF Installer 4 | . . . . . . . . 1 . 1 . . . . . . . 1 . . . 1 . . . . . . . . Coupler Efficiency 1 | . . . . . . . . . . . . . . . . . . 1 . . . . . . . . . . . . Watcher Feeds 1 | . . . . . . . . . . 1 . . . . . . . . . . . . . . . . . . . . Structural Interface 1 | . . . . . . . . . . . . . . . . . . . . . . 1 . . . . . . . . Robots Hacked 86 | . . . . . 4 . . . 10 14 3 6 5 3 . . 1 1 1 6 8 2 12 1 . . . 4 3 2 Non-combat 19 | . . . . . 3 . . . 2 . 1 . 3 . . . . . 1 . 5 . 4 . . . . . . . Combat 67 | . . . . . 1 . . . 8 14 2 6 2 3 . . 1 1 . 6 3 2 8 1 . . . 4 3 2 Robot Hacks Applied 93 | . . . . . 4 . . . 12 15 3 6 5 3 . . 1 1 1 6 8 2 15 1 . . . 5 3 2 parse_system 15 | . . . . . 4 . . . . 1 . . . 3 . . . . . 1 . . 4 1 . . . 1 . . no_distress 4 | . . . . . . . . . . . . . . . . . . . . . 4 . . . . . . . . . drop_inventory 1 | . . . . . . . . . . . . . 1 . . . . . . . . . . . . . . . . . purge_threat 6 | . . . . . . . . . 3 . 1 . . . . . . . . . 1 . 1 . . . . . . . ignore_targets 11 | . . . . . . . . . . . . 6 . . . . . . . 5 . . . . . . . . . . amplify_resonance 2 | . . . . . . . . . . 1 1 . . . . . . . . . . . . . . . . . . . disable_weapons 6 | . . . . . . . . . . 2 . . . . . . . 1 . . 1 . 1 . . . . 1 . . reboot_system 2 | . . . . . . . . . 2 . . . . . . . . . . . . . . . . . . . . . overwrite_iff 9 | . . . . . . . . . 2 3 1 . . . . . . . . . . . 1 . . . . 1 1 . formatsys_low 6 | . . . . . . . . . 1 . . . 2 . . . . . 1 . . . 2 . . . . . . . formatsys_high 31 | . . . . . . . . . 4 8 . . 2 . . . 1 . . . 2 2 6 . . . . 2 2 2 Relay Couplers Released 92 | . . . . . . . . 25 . 33 . . 2 . . . 4 13 . . . 8 . . . . . 7 . . Machine Destruction 84 | . . . . . . . . 21 . 33 . . 2 . . . . 13 . . . 8 . . . . . 7 . . Programmers 8 | . . . . . . . . 4 . . . . . . . . 4 . . . . . . . . . . . . . Attached 38 | . . . . . . . . . 4 10 1 . 3 . . . 2 4 1 . 1 2 4 . 1 . . 3 2 . Fabnet Peak Effective % . | . . . . . . . . . . . . . . . . . . . . . . . . . . . . . . . Robots Rewired 41 | . . . . . . . . . . 3 . . . 21 . . . . . . . . . . 9 . 3 2 . 3 Allies Hacked 14 | . . . . . . . . . . . . . . . . . . . . . 1 . . . 6 . 5 . 1 1 Hacks Repelled 5 | . . . . . . . . . . . . . . . . . . . . . . . . . 5 . . . . . Allies | -11 -10 -10 -9 -9 -9 -8 -8 -8 -7 -7 -6 -6 -6 -6 -6 -6 -6 -6 -5 -5 -5 -5 -4 -3 -3 -3 -2 -2 -1 -1 -------- Run | Yrd Mat Min Mat Min Exi Min Mat Gar Fac Gar Fac Was Fac Ext Cet Arc Hub Gar Fac Was Fac Gar Fac Res Arm Lab Res Gar Acc Com Total Allies 138 | . . 3 . . . . . . 7 16 1 . 4 31 5 . 1 . 1 19 2 2 10 . 19 . 4 5 3 5 Largest Group 19 | . . 3 3 . . . . . 3 6 3 1 4 11 8 8 6 5 2 19 19 2 3 . 8 8 7 2 2 2 Highest-Rated Group 695 | . . 40 40 . . . . . 68 242 130 16 119 388 695 695 512 480 110 670 670 58 143 . 553 553 489 238 238 242 Highest-Rated Ally 178 | . . 16 16 . . . . . 32 85 85 16 41 159 159 159 96 96 96 96 50 29 49 . 82 82 82 148 119 178 Total Orders 47 | . . . . . . . . . 1 . . . 3 . . 4 3 . 2 4 . . 8 6 4 . 3 9 . . STAY 7 | . . . . . . . . . . . . . . . . 1 1 . . 2 . . 1 . . . . 2 . . ROAM 2 | . . . . . . . . . . . . . . . . 2 . . . . . . . . . . . . . . FOLLOW 6 | . . . . . . . . . . . . . . . . 1 1 . . 1 . . 1 . . . . 2 . . AID 6 | . . . . . . . . . 1 . . . 1 . . . . . 2 1 . . 1 . . . . . . . EXPLORE 13 | . . . . . . . . . . . . . 1 . . . 1 . . . . . 3 3 2 . 1 2 . . RETURN 13 | . . . . . . . . . . . . . 1 . . . . . . . . . 2 3 2 . 2 3 . . Ally Attacks 1122 | . . . 30 . . . . . 45 68 7 5 23 269 56 5 10 105 . 55 137 12 43 . 127 17 30 28 31 19 Total Damage 29257 | . . . 336 . . . . . 956 1854 161 59 593 4770 1461 157 378 4284 . 2057 2403 115 1166 . 3692 221 1068 1126 1645 755 Kills 193 | . . . 4 . . . . . 4 15 5 . 9 40 5 1 3 29 . 2 21 1 5 . 24 1 7 7 6 4 Allies Corrupted 8 | . . . . . . . . . . . . . . 1 . . . . . . 1 . . . 4 1 . . 1 . Allies Melted 2 | . . . . . . . . . . . . . . 1 . . 1 . . . . . . . . . . . . . Field Lobotomies 5 | . . . . . . . . . . . . . . . . . . . . . . . . . 5 . . . . . Intel | -11 -10 -10 -9 -9 -9 -8 -8 -8 -7 -7 -6 -6 -6 -6 -6 -6 -6 -6 -5 -5 -5 -5 -4 -3 -3 -3 -2 -2 -1 -1 ------- Run | Yrd Mat Min Mat Min Exi Min Mat Gar Fac Gar Fac Was Fac Ext Cet Arc Hub Gar Fac Was Fac Gar Fac Res Arm Lab Res Gar Acc Com Robot Analysis Total 7 | . 2 . 2 . . . 2 . . . . . . . . . . . . . . . 1 . . . . . . . Derelict Logs Recovered 3 | . . 2 . 1 . . . . . . . . . . . . . . . . . . . . . . . . . . Drone Launches 24 | . . . . . . . . . . . . . 2 . . . 2 . . . . . 4 6 4 . 2 4 . . Drone Recoveries 21 | . . . . . . . . . . . . . 1 . . . . . . . . . 4 6 4 . 2 4 . . Exploration | -11 -10 -10 -9 -9 -9 -8 -8 -8 -7 -7 -6 -6 -6 -6 -6 -6 -6 -6 -5 -5 -5 -5 -4 -3 -3 -3 -2 -2 -1 -1 ------------- Run | Yrd Mat Min Mat Min Exi Min Mat Gar Fac Gar Fac Was Fac Ext Cet Arc Hub Gar Fac Was Fac Gar Fac Res Arm Lab Res Gar Acc Com Turns Passed 38527 | 240 1478 876 2170 138 489 341 967 2696 790 2566 263 956 2635 2766 619 650 1173 2023 203 1693 2134 1096 1714 516 2299 664 588 1514 818 1452 Spaces Moved 15565 | 117 701 522 1112 87 295 213 474 1183 253 871 102 296 1234 996 250 317 430 755 56 644 782 325 605 187 858 340 226 468 297 569 Core 8 | 4 . . . . . . . . . . . . 2 . . . . . . . . . . . . . . . . 2 Treads 13681 | 113 701 522 1112 87 295 213 472 477 253 871 102 296 1150 397 250 317 430 755 56 644 782 325 605 187 758 340 226 468 297 180 Legs 632 | . . . . . . . . . . . . . 1 369 . . . . . . . . . . 99 . . . . 163 Wheels 1172 | . . . . . . . 2 706 . . . . 81 230 . . . . . . . . . . . . . . . 153 Hover 71 | . . . . . . . . . . . . . . . . . . . . . . . . . . . . . . 71 Flight 1 | . . . . . . . . . . . . . . . . . . . . . . . . . 1 . . . . . Fastest Speed 50 | 50 160 160 160 160 160 160 160 160 240 240 243 160 110 110 160 160 160 160 160 160 160 160 160 240 160 160 160 160 160 50 Average Speed 192 | 156 160 160 165 160 160 160 173 188 241 248 244 239 160 201 193 160 160 231 211 230 229 238 215 240 215 160 160 189 173 124 Slowest Speed 1800 | 160 160 160 240 160 160 160 240 240 243 323 245 245 1800 400 240 160 160 240 240 320 240 240 240 243 1010 160 160 245 242 330 Overloaded Moves . | . . . . . . . . . . . . . . . . . . . . . . . . . . . . . . . Propulsion Burnouts . | . . . . . . . . . . . . . . . . . . . . . . . . . . . . . . . Robots Hopped . | . . . . . . . . . . . . . . . . . . . . . . . . . . . . . . . Cave-ins Triggered 1 | . . . . . . . . . . . . . . . . . . . . . . . . . . . . . . 1 Teleports 1 | . . . . . . . . . . . . . . . . . . . . . . . . . . 1 . . . . Exploration Rate (%) 52 | 6 99 98 96 37 63 43 41 83 8 96 3 90 48 85 79 98 34 77 2 90 27 59 22 12 46 96 13 54 10 27 Regions Visited 30 Branch Regions 11 Pre-discovered Areas 10 | . 3 1 5 . 1 . . . . . . . . . . . . . . . . . . . . . . . . . Known Exits Taken 11 | . . 1 1 . . 1 1 . 1 . . . 1 . . . 1 . . . 1 . 1 1 . . 1 . . . Unknown Exits Taken 10 | 1 1 . . 1 1 . . . . . . . . 1 1 1 . . . . . . . . 1 1 . . 1 . Scrap Searched 3 | . . 1 . 1 . 1 . . . . . . . . . . . . . . . . . . . . . . . . Spaces Dug 233 | . 20 . . . . . . 76 1 . . 1 48 . . . 7 26 1 . 5 2 9 3 17 . . 8 5 4 Terrain Destroyed 743 | . 20 32 4 . . . . 143 22 4 . 2 140 6 7 9 62 31 1 . 32 2 36 3 62 . 35 45 19 26 Melee 135 | . . . . . . . . 64 1 . . 1 9 . . . 2 26 1 . 5 2 8 3 1 . . 8 . 4 Projectile 262 | . 20 . . . . . . . . 4 . 1 31 6 7 9 59 5 . . 27 . 27 . 7 . 2 28 19 10 AOE 340 | . . 32 4 . . . . 79 21 . . . 98 . . . . . . . . . . . 53 . 33 8 . 12 Terrain Rammed . | . . . . . . . . . . . . . . . . . . . . . . . . . . . . . . . Walls Destroyed . | . . . . . . . . . . . . . . . . . . . . . . . . . . . . . . . Machines Disabled . | . . . . . . . . . . . . . . . . . . . . . . . . . . . . . . . Actions | -11 -10 -10 -9 -9 -9 -8 -8 -8 -7 -7 -6 -6 -6 -6 -6 -6 -6 -6 -5 -5 -5 -5 -4 -3 -3 -3 -2 -2 -1 -1 --------- Run | Yrd Mat Min Mat Min Exi Min Mat Gar Fac Gar Fac Was Fac Ext Cet Arc Hub Gar Fac Was Fac Gar Fac Res Arm Lab Res Gar Acc Com Total 21258 | 147 912 544 1331 86 312 213 563 1423 360 1170 113 446 1625 1616 365 419 791 954 137 790 1007 526 874 242 1191 428 370 829 485 989 Wait 1920 | 7 119 11 48 . . . 40 4 9 58 . 5 164 361 59 45 263 44 71 34 87 82 67 13 47 31 67 71 49 64 Move 15540 | 116 700 521 1111 86 294 212 474 1182 253 870 102 295 1233 995 249 316 430 754 56 643 781 324 604 186 857 339 225 467 296 569 Hop . | . . . . . . . . . . . . . . . . . . . . . . . . . . . . . . . Pick Up 310 | 4 12 . 20 . 5 . 6 18 4 29 1 7 12 22 11 3 5 14 . 6 6 7 25 8 17 3 6 28 8 23 Fast Attach 371 | 7 1 . 10 . . . 3 1 5 15 1 5 23 25 6 10 9 24 . 15 18 8 13 6 57 14 2 33 6 54 Attach 227 | . . . 6 . . . 5 2 5 10 1 5 12 14 4 3 5 1 2 1 2 9 17 4 21 . 4 19 24 51 Detach 84 | . . . 1 . . . 1 . 1 1 . 3 2 8 . 1 . . . . 1 4 4 . 6 . . 18 9 24 Swap 415 | . 7 2 20 . 4 1 6 25 20 32 4 9 21 34 6 4 9 10 5 7 15 10 32 8 33 4 17 23 24 23 Drop 504 | . 6 . 35 . 5 . 5 14 12 39 . 15 16 39 20 10 9 32 . 23 22 10 28 10 61 12 5 46 13 17 Fire 1331 | 13 67 10 54 . . . 23 56 50 60 4 11 118 115 10 17 58 13 2 15 62 58 71 3 84 25 44 114 54 120 Melee 470 | . . . . . 4 . . 105 1 36 . 91 24 3 . 10 2 48 1 46 13 14 10 4 5 . . 10 . 43 Ram . | . . . . . . . . . . . . . . . . . . . . . . . . . . . . . . . Kick . | . . . . . . . . . . . . . . . . . . . . . . . . . . . . . . . Crush 9 | . . . . . . . . . . . . . . . . . . . . . . . 3 . 3 . . . 2 1 Escape Stasis 46 | . . . . . . . . 16 . 16 . . . . . . . 14 . . . . . . . . . . . . Rewire 5 | . . . . . . . . . . 4 . . . . . . 1 . . . . . . . . . . . . . Trap 26 | . . . 26 . . . . . . . . . . . . . . . . . . . . . . . . . . . Miscellaneous . | . . . . . . . . . . . . . . . . . . . . . . . . . . . . . . . Route ------- -11/Scrapyard -10/Materials (discovered 5 exits: *Mat x3 / [*Min x2]) -10/Mines (discovered 2 exits: *Mat x2) -9/Materials (discovered 7 exits: *Mat x3 / *Min x2 / [*Sto x2]) -9/Mines (discovered 2 exits: *Mat / *Exi) -9/Exiles -8/Mines -8/Materials (discovered 4 exits: *Fac x3 / Gar) -8/Garrison (discovered 3 exits: *Fac x3) -7/Factory -7/Garrison (discovered 3 exits: *Fac x3) -6/Factory -6/Waste -6/Factory (discovered 6 exits: *Fac x2 / *Low x2 / *Ext x2) -6/Extension (discovered 2 exits: *Fac / *Cet) -6/Cetus (discovered 2 exits: *Fac / [*Arc]) -6/Archives (discovered 3 exits: *Fac / *Hub x2) -6/Hub_04(d) (discovered 4 exits: *Fac x3 / Gar) -6/Garrison (discovered 3 exits: *Fac x3) -5/Factory -5/Waste -5/Factory -5/Garrison (discovered 3 exits: *Fac x3) -4/Factory (discovered 4 exits: *Res x4) -3/Research -3/Armory -3/Lab -2/Research (discovered 2 exits: *Acc / Gar) -2/Garrison -1/Access -1/Command History --------- Turn | Location | Event 34 | -11/Scrapyard | Discovered new exit (range 16) 241 | -11/Scrapyard | Entered Materials 312 | -10/Materials | Build established: Mutant 545 | -10/Materials | Discovered new exit (range 16) 823 | -10/Materials | Discovered new exit (range 9) 991 | -10/Materials | Discovered new exit (range 16) 1144 | -10/Materials | Discovered new exit (range 5) 1335 | -10/Materials | Discovered new exit (range 4) 1510 | -10/Materials | Learned location of 2 exits from Subcaves 1560 | -10/Materials | Learned location of 2 exits from Mines 1600 | -10/Materials | Learned location of 1 exit from Recycling 1655 | -10/Materials | Learned 4 Recycling zone layouts 1666 | -10/Materials | Learned 2 Storage zone layouts 1685 | -10/Materials | Learned location of 1 exit from Recycling 1719 | -10/Materials | Entered Mines 1720 | -10/Mines | Identified exit to Materials 1967 | -10/Mines | Learned Materials stockpile data 2056 | -10/Mines | Core integrity fell below 50% 2411 | -10/Mines | Learned Materials trap positions 2432 | -10/Mines | Assisted by bots powering up and referring to "LRC-V3" 2528 | -10/Mines | Learned location of Storage (-9) 2595 | -10/Mines | Entered Materials 2595 | -9/Materials | Accompanied by 3 allies 2595 | -9/Materials | Evolved 2 slots: Weapon x2 2596 | -9/Materials | Loaded intel: 14 trap records 2667 | -9/Materials | Discovered new exit (range 16) 2775 | -9/Materials | Discovered new exit (range 12) 3184 | -9/Materials | Build established: Scavenger-Gunner 3304 | -9/Materials | Central database locked down 3602 | -9/Materials | Discovered new exit (range 15) 4257 | -9/Materials | Discovered new exit (range 14) 4371 | -9/Materials | Discovered new exit (range 16) 4431 | -9/Materials | Identified exit to Materials 4431 | -9/Materials | Identified exit to Mines 4464 | -9/Materials | Build established: Gunner 4494 | -9/Materials | Learned Materials trap positions 4618 | -9/Materials | Learned location of Zion (-7) 4676 | -9/Materials | Learned location of 2 exits from Materials 4765 | -9/Materials | Entered Mines 4841 | -9/Mines | Learned 2 Materials zone layouts 4849 | -9/Mines | Discovered exit to Materials (range 7) 4895 | -9/Mines | Deemed a non-threat by the Exiles lab entrance 4897 | -9/Mines | Discovered new exit (range 5) 4903 | -9/Mines | Entered Exiles 4940 | -9/Exiles | Met 8R-AWN 4975 | -9/Exiles | Met EX-HEX 5018 | -9/Exiles | Met EX-BIN 5039 | -9/Exiles | Aligned with FarCom system 5041 | -9/Exiles | Given EX-Vault access code 5077 | -9/Exiles | Opened EX-Vault 5088 | -9/Exiles | Found Longsword +1 5097 | -9/Exiles | Found Skeleton Box 5122 | -9/Exiles | Found Field Lobotomy Kit 5198 | -9/Exiles | Warned to stay clear of 0b10 Research branches 5245 | -9/Exiles | Met EX-DEC 5372 | -9/Exiles | Discovered new exit (range 14) 5392 | -9/Exiles | Stole three prototypes: Skeleton Box, Field Lobotomy Kit, Longsword +1 5392 | -9/Exiles | Entered Mines 5602 | -8/Mines | Discovered exit to Materials (range 8) 5698 | -8/Mines | Build established: Skirmisher 5733 | -8/Mines | Entered Materials 5733 | -8/Materials | Evolved 2 slots: Propulsion x1, Utility x1 5734 | -8/Materials | Identified exit to Factory 5736 | -8/Materials | Loaded intel: 12 trap records 6409 | -8/Materials | Garrison activated, responded to threat 6500 | -8/Materials | Central database locked down 6700 | -8/Materials | Identified exit to Garrison 6700 | -8/Materials | Entered Garrison 6755 | -8/Garrison | Assembled breached garrison interior 6915 | -8/Garrison | Build established: Tank 7216 | -8/Garrison | Garrison Relay disabled 7466 | -8/Garrison | Discovered exit to Factory (range 11) 7516 | -8/Garrison | Garrison Relay disabled 7541 | -8/Garrison | Build established: Scavenger-Skirmisher 7619 | -8/Garrison | Garrison Relay disabled 8069 | -8/Garrison | Discovered exit to Factory (range 11) 8413 | -8/Garrison | Garrison Relay disabled 8559 | -8/Garrison | Build established: Skirmisher 8660 | -8/Garrison | Discovered exit to Factory (range 16) 9151 | -8/Garrison | Garrison Relay disabled 9179 | -8/Garrison | Installed Relay Interface Framework 9396 | -8/Garrison | Entered Factory 9396 | -7/Factory | Evolved 2 slots: Utility x2 9398 | -7/Factory | FarCom data flow suspended 9695 | -7/Factory | Build established: Bothacker-Tank 9796 | -7/Factory | First assault squad dispatched 10120 | -7/Factory | Build established: Gunner 10132 | -7/Factory | Garrison activated, responded to threat 10186 | -7/Factory | Identified exit to Garrison 10186 | -7/Factory | Entered Garrison 10258 | -7/Garrison | Triggered checkpoint 10334 | -7/Garrison | Garrison Relay disabled 10605 | -7/Garrison | Garrison Relay disabled 10605 | -7/Garrison | Garrison Relay disabled 10609 | -7/Garrison | P-60 Hacker assimilated allied Trooper 4c 10613 | -7/Garrison | Garrison Relay disabled 10635 | -7/Garrison | Garrison Relay disabled 10838 | -7/Garrison | Triggered checkpoint 10913 | -7/Garrison | Discovered new exit (range 10) 10928 | -7/Garrison | Triggered checkpoint 11014 | -7/Garrison | Garrison Relay disabled 11250 | -7/Garrison | Triggered checkpoint 11278 | -7/Garrison | Triggered checkpoint 11326 | -7/Garrison | Triggered checkpoint 11367 | -7/Garrison | Build established: Bothacker-Gunner 11446 | -7/Garrison | Triggered checkpoint 11546 | -7/Garrison | Triggered checkpoint 11590 | -7/Garrison | Garrison Relay disabled 11616 | -7/Garrison | Found embedded Infiltrators 11739 | -7/Garrison | Discovered new exit (range 13) 11768 | -7/Garrison | Spotted B-75 Beast 11779 | -7/Garrison | Assimilated Beast 4a with formatsys_high 12140 | -7/Garrison | Build established: Bothacker-Tank 12222 | -7/Garrison | Triggered checkpoint 12248 | -7/Garrison | Discovered new exit (range 12) 12310 | -7/Garrison | Triggered checkpoint 12339 | -7/Garrison | Garrison Relay disabled 12387 | -7/Garrison | Expanded RIF knowledge: Watcher Feeds 12752 | -7/Garrison | Entered Factory 12752 | -6/Factory | Accompanied by 2 allies 12752 | -6/Factory | Evolved 2 slots: Propulsion x1, Utility x1 13015 | -6/Factory | Sucked down chute 13015 | -6/Factory | Entered Waste 13030 | -6/Waste | EMP discharged 13035 | -6/Waste | 1 allies followed down the chute 13045 | -6/Waste | Spotted C-40 Crusher 13068 | -6/Waste | Spotted C-40 Crusher 13085 | -6/Waste | Spotted C-40 Crusher 13088 | -6/Waste | Spotted C-40 Crusher 13130 | -6/Waste | EMP discharged 13130 | -6/Waste | System corruption reached 10% 13143 | -6/Waste | Spotted C-40 Crusher 13162 | -6/Waste | Spotted C-40 Crusher 13163 | -6/Waste | Crushed by Compactor (1 part destroyed, 2 dropped) 13187 | -6/Waste | Destroyed C-40 Crusher 13230 | -6/Waste | EMP discharged 13320 | -6/Waste | Destroyed C-40 Crusher 13329 | -6/Waste | Found Damper Plating 13330 | -6/Waste | EMP discharged 13430 | -6/Waste | EMP discharged 13475 | -6/Waste | Destroyed C-40 Crusher 13530 | -6/Waste | EMP discharged 13559 | -6/Waste | Destroyed C-40 Crusher 13630 | -6/Waste | EMP discharged 13730 | -6/Waste | EMP discharged 13743 | -6/Waste | Destroyed C-40 Crusher 13818 | -6/Waste | Destroyed C-40 Crusher 13830 | -6/Waste | EMP discharged 13930 | -6/Waste | EMP discharged 13945 | -6/Waste | Discovered new exit (range 12) 13971 | -6/Waste | Entered Factory 14355 | -6/Factory | Discovered new exit (range 7) 14357 | -6/Factory | Build established: Bothacker-Gunner 14367 | -6/Factory | Identified exit to Factory 15064 | -6/Factory | Build established: Scavenger-Gunner 15143 | -6/Factory | Discovered exit to Factory (range 20) 16254 | -6/Factory | Identified exit to Lower Caves 16254 | -6/Factory | Identified exit to Extension 16428 | -6/Factory | Lost 13 parts (1p4n4u4w) 16606 | -6/Factory | Entered Extension 16660 | -6/Extension | Remotely autohacked Sealed Heavy Doors 16660 | -6/Extension | Rescued a captive Derelict 16661 | -6/Extension | Remotely autohacked Sealed Heavy Doors 16662 | -6/Extension | Rescued a captive Derelict 16720 | -6/Extension | Remotely autohacked Sealed Heavy Doors 16720 | -6/Extension | Rescued a captive Derelict 16722 | -6/Extension | Rescued a captive Derelict 16976 | -6/Extension | Rescued a captive Derelict 16977 | -6/Extension | Rescued a captive Derelict 17035 | -6/Extension | Lost 3 parts (1u2w) 17092 | -6/Extension | Remotely autohacked Sealed Heavy Doors 17094 | -6/Extension | Rescued a captive Derelict 17111 | -6/Extension | Remotely autohacked Sealed Heavy Doors 17112 | -6/Extension | Rescued a captive Derelict 17113 | -6/Extension | Rescued a captive Derelict 17287 | -6/Extension | Build established: Mutant 17500 | -6/Extension | Disrupted transfer network 17656 | -6/Extension | Lost 3 allies 17699 | -6/Extension | Spotted B-75 Beast 17718 | -6/Extension | Allies destroyed B-75 Beast 17724 | -6/Extension | Spotted B-75 Beast 17751 | -6/Extension | Allies destroyed B-75 Beast 17778 | -6/Extension | Lost 4 allies 17969 | -6/Extension | Remotely autohacked Sealed Heavy Doors 17969 | -6/Extension | Rescued a captive Derelict 18037 | -6/Extension | Lost 4 allies 18314 | -6/Extension | Build established: Scavenger-Tank 18324 | -6/Extension | Core integrity fell below 50% 18842 | -6/Extension | Build established: Scavenger-Gunner 18891 | -6/Extension | Lost 3 allies 18919 | -6/Extension | Remotely autohacked Sealed Heavy Doors 18920 | -6/Extension | Rescued A7 19056 | -6/Extension | First assault squad dispatched 19162 | -6/Extension | Lost 8 allies 19269 | -6/Extension | Discovered exit to Factory (range 10) 19275 | -6/Extension | Discovered new exit (range 6) 19372 | -6/Extension | Entered Cetus 19372 | -6/Cetus | Accompanied by 5 allies (A7) 19377 | -6/Cetus | Acquired a Cetus Manufacturing Module code from A7 19426 | -6/Cetus | Spotted Cetus Guard 19431 | -6/Cetus | Spotted Cetus Guard 19434 | -6/Cetus | Spotted Cetus Guard 19441 | -6/Cetus | Spotted Cetus Guard 19444 | -6/Cetus | Allies destroyed Cetus Guard 19455 | -6/Cetus | Destroyed Cetus Guard 19461 | -6/Cetus | Allies destroyed Cetus Guard 19470 | -6/Cetus | Allies destroyed Cetus Guard 19513 | -6/Cetus | System corruption reached 30% 19586 | -6/Cetus | Build established: Scavenger-Tank 19626 | -6/Cetus | Started Cetus Manufacturing Module 19650 | -6/Cetus | Remotely autohacked Sealed Heavy Doors 19651 | -6/Cetus | Manufactured an Enhanced Grunt 19676 | -6/Cetus | Manufactured an Enhanced Grunt 19701 | -6/Cetus | Manufactured an Enhanced Grunt 19701 | -6/Cetus | Discovered new exit (range 21) 19726 | -6/Cetus | Manufactured an Enhanced Grunt 19751 | -6/Cetus | Manufactured an Enhanced Grunt 19835 | -6/Cetus | Spotted Cetus Guard 19835 | -6/Cetus | Spotted Cetus Guard 19837 | -6/Cetus | Spotted Cetus Guard 19837 | -6/Cetus | Spotted Cetus Guard 19851 | -6/Cetus | Allies destroyed Cetus Guard 19853 | -6/Cetus | Destroyed Cetus Guard 19853 | -6/Cetus | Allies destroyed Cetus Guard 19860 | -6/Cetus | Destroyed Cetus Guard 19873 | -6/Cetus | Discovered exit to Factory (range 21) 19901 | -6/Cetus | Met Revision 17 19991 | -6/Cetus | Entered Archives 19991 | -6/Archives | Accompanied by 8 allies (A7) 20168 | -6/Archives | Discovered new exit (range 22) 20191 | -6/Archives | Discovered exit to Factory (range 17) 20255 | -6/Archives | Discovered new exit (range 16) 20641 | -6/Archives | Entered Hub_04(d) 20641 | -6/Hub_04(d) | Accompanied by 5 allies 20800 | -6/Hub_04(d) | Discovered exit to Factory (range 40) 20824 | -6/Hub_04(d) | Build established: Scavenger-Skirmisher 21019 | -6/Hub_04(d) | Discovered exit to Factory (range 12) 21058 | -6/Hub_04(d) | Disrupted transfer network 21216 | -6/Hub_04(d) | Build established: Scavenger-Tank 21373 | -6/Hub_04(d) | Discovered exit to Factory (range 3) 21514 | -6/Hub_04(d) | Lost 3 parts (3w) 21581 | -6/Hub_04(d) | Destroyed 10 combat bots 21583 | -6/Hub_04(d) | Core integrity fell below 20% 21805 | -6/Hub_04(d) | Identified exit to Garrison 21814 | -6/Hub_04(d) | Entered Garrison 21814 | -6/Garrison | Accompanied by 5 allies 21852 | -6/Garrison | Triggered checkpoint 21919 | -6/Garrison | Garrison Relay disabled 22054 | -6/Garrison | Triggered checkpoint 22058 | -6/Garrison | Triggered checkpoint 22199 | -6/Garrison | Discovered exit to Factory (range 17) 22214 | -6/Garrison | Triggered checkpoint 22267 | -6/Garrison | Garrison Relay disabled 22756 | -6/Garrison | Triggered checkpoint 22930 | -6/Garrison | Triggered checkpoint 22986 | -6/Garrison | Garrison Relay disabled 23223 | -6/Garrison | Discovered exit to Factory (range 11) 23312 | -6/Garrison | Triggered checkpoint 23442 | -6/Garrison | Triggered checkpoint 23591 | -6/Garrison | Spotted B-75 Beast 23695 | -6/Garrison | Expanded RIF knowledge: Coupler Efficiency 23822 | -6/Garrison | Discovered exit to Factory (range 9) 23837 | -6/Garrison | Entered Factory 23837 | -5/Factory | Accompanied by 1 ally 23837 | -5/Factory | Evolved 2 slots: Power x1, Utility x1 24014 | -5/Factory | Build established: Bothacker-Tank 24040 | -5/Factory | Sucked down chute 24040 | -5/Factory | Entered Waste 24040 | -5/Waste | Met up with 1 ally sucked down the chute earlier 24055 | -5/Waste | 2 allies followed down the chute 24059 | -5/Waste | Spotted C-40 Crusher 24132 | -5/Waste | Spotted C-40 Crusher 24163 | -5/Waste | Spotted C-40 Crusher 24212 | -5/Waste | Found Unknown Protection 24212 | -5/Waste | Identified Adv. Powered Armor 24214 | -5/Waste | Spotted C-40 Crusher 24264 | -5/Waste | Destroyed C-40 Crusher 24276 | -5/Waste | Destroyed C-40 Crusher 24297 | -5/Waste | Spotted C-40 Crusher 24486 | -5/Waste | Spotted C-40 Crusher 24746 | -5/Waste | Destroyed C-40 Crusher 24784 | -5/Waste | Found Damper Plating 24856 | -5/Waste | Destroyed C-40 Crusher 25091 | -5/Waste | Warlord forces began an assault 25189 | -5/Waste | Allies destroyed C-40 Crusher 25257 | -5/Waste | Allies destroyed C-40 Crusher 25489 | -5/Waste | Discovered new exit (range 11) 25492 | -5/Waste | Build established: Scavenger-Tank 25733 | -5/Waste | Entered Factory 25733 | -5/Factory | Accompanied by 19 allies 26035 | -5/Factory | Build established: Scavenger-Skirmisher 26543 | -5/Factory | Lost 8 allies 26828 | -5/Factory | Cargo convoy interrupted 27001 | -5/Factory | Lost 4 allies 27233 | -5/Factory | First assault squad dispatched 27384 | -5/Factory | Build established: Scavenger-Tank 27819 | -5/Factory | Identified exit to Garrison 27867 | -5/Factory | Entered Garrison 27920 | -5/Garrison | Discovered new exit (range 71) 27920 | -5/Garrison | Discovered new exit (range 41) 27920 | -5/Garrison | Discovered new exit (range 60) 28184 | -5/Garrison | Spotted B-75 Beast 28268 | -5/Garrison | Destroyed B-75 Beast 28341 | -5/Garrison | Triggered checkpoint 28384 | -5/Garrison | Expanded RIF knowledge: Structural Interface 28455 | -5/Garrison | Triggered checkpoint 28527 | -5/Garrison | Garrison Relay disabled 28683 | -5/Garrison | Triggered checkpoint 28748 | -5/Garrison | Garrison Relay disabled 28963 | -5/Garrison | Entered Factory 28963 | -4/Factory | Accompanied by 2 allies 28963 | -4/Factory | Evolved 2 slots: Utility x2 29540 | -4/Factory | Build established: Bothacker-Tank 29586 | -4/Factory | Fabricated M-13 Machinist (x1) 29619 | -4/Factory | Lost 4 allies 29990 | -4/Factory | Build established: Scavenger-Tank 30170 | -4/Factory | Destroyed 7 combat bots 30463 | -4/Factory | First assault squad dispatched 30488 | -4/Factory | Discovered new exit (range 10) 30534 | -4/Factory | Identified exit to Research 30582 | -4/Factory | Spotted B-86 Titan 30636 | -4/Factory | Cargo convoy interrupted 30647 | -4/Factory | Spotted Striker 30677 | -4/Factory | Entered Research 30677 | -3/Research | Evolved 2 slots: Propulsion x2 30877 | -3/Research | Revision forces began assault on 0b10 30910 | -3/Research | Met up with Revision 17++ 31155 | -3/Research | Discovered new exit (range 15) 31175 | -3/Research | Identified exit to Armory 31193 | -3/Research | Entered Armory 31799 | -3/Armory | Spotted B-86 Titan 31805 | -3/Armory | Build established: Skirmisher 31863 | -3/Armory | P-80 Master assimilated allied Assassin 8a 31869 | -3/Armory | Assimilated P-80 Master with FLK Orb 31915 | -3/Armory | Lost 3 allies 31936 | -3/Armory | Assimilated P-80 Master with FLK Orb 31939 | -3/Armory | Assimilated P-80 Master with FLK Orb 31946 | -3/Armory | Master 8b assimilated hostile L-61 Swordsman 31969 | -3/Armory | Lost 15 parts (2p2n5u6w) 32138 | -3/Armory | Master 8b assimilated hostile G-67 Veteran 32154 | -3/Armory | Master 8c assimilated hostile G-67 Veteran 32197 | -3/Armory | Build established: Scavenger-Tank 32375 | -3/Armory | Core integrity fell below 50% 32410 | -3/Armory | Master 8c assimilated hostile X-82 Rainmaker 32507 | -3/Armory | Lost 3 allies 32531 | -3/Armory | Lost 5 parts (2p1n1u1w) 32714 | -3/Armory | Assimilated P-80 Master with FLK Orb 32727 | -3/Armory | System corruption reached 10% 32740 | -3/Armory | Assimilated P-80 Master with FLK Orb 33433 | -3/Armory | Build established: Commander-Tank 33475 | -3/Armory | Discovered new exit (range 4) 33492 | -3/Armory | Entered Lab 33492 | -3/Lab | Accompanied by 8 allies 33492 | -3/Lab | Discovered new exit (range 9) 33512 | -3/Lab | Unable to decrypt terminal 33523 | -3/Lab | Remotely autohacked Sealed Barrier 33524 | -3/Lab | Gained access to the hidden lab's interior 33532 | -3/Lab | Detected by scanners 33538 | -3/Lab | Confronted by A5 33594 | -3/Lab | Allies destroyed A5 33862 | -3/Lab | Found Alien Artifact 33862 | -3/Lab | Identified Transdimensional Reconstructor 33862 | -3/Lab | Warped through subspace 33909 | -3/Lab | Found Alien Artifact 33909 | -3/Lab | Identified Integrated Reactor 33909 | -3/Lab | Installed Integrated Reactor, increased core energy generation (+10) 33924 | -3/Lab | Found Alien Artifact 33924 | -3/Lab | Identified Core Expander 33924 | -3/Lab | Installed Core Expander, added new Weapon slot 33945 | -3/Lab | Build established: Commander-Mutant 33949 | -3/Lab | Found Prototype Hackware 33949 | -3/Lab | Identified Deep Network Scanner 33955 | -3/Lab | Found Prototype Protection 33955 | -3/Lab | Identified Exp. Powered Armor 33959 | -3/Lab | Found Prototype Energy Gun 33959 | -3/Lab | Identified Tachyon Dispersion Ray 33964 | -3/Lab | Found Prototype Energy Gun 33964 | -3/Lab | Identified Hyp. EM Gauss Rifle 33981 | -3/Lab | Unable to decrypt terminal 34004 | -3/Lab | Found Prototype Special Weapon 34004 | -3/Lab | Identified Gui. Remote Datajack 34156 | -3/Lab | Entered Research 34156 | -2/Research | Accompanied by 7 allies 34156 | -2/Research | Evolved 2 slots: Power x1, Utility x1 34215 | -2/Research | Discovered new exit (range 76) 34568 | -2/Research | Identified exit to Access 34581 | -2/Research | P-80 Master assimilated allied Archangel 8e 34595 | -2/Research | P-80 Master assimilated allied Archangel 8c 34626 | -2/Research | P-80 Master assimilated allied Archangel 8a 34639 | -2/Research | Lost 4 allies 34698 | -2/Research | Spotted B-90 Cyclops 34731 | -2/Research | Identified exit to Garrison 34744 | -2/Research | Entered Garrison 34812 | -2/Garrison | Triggered checkpoint 34857 | -2/Garrison | Build established: Hacker-Tank 34878 | -2/Garrison | Garrison Relay disabled 35110 | -2/Garrison | Triggered checkpoint 35166 | -2/Garrison | Spotted B-90 Cyclops 35171 | -2/Garrison | Assimilated Cyclops 9a with formatsys_high 35180 | -2/Garrison | Triggered checkpoint 35184 | -2/Garrison | Destroyed Cyclops 9a 35270 | -2/Garrison | Lost 4 parts (1p3u) 35357 | -2/Garrison | Lost 4 parts (1p1u2w) 35864 | -2/Garrison | Triggered checkpoint 35870 | -2/Garrison | Build established: Scavenger-Tank 35972 | -2/Garrison | Garrison Relay disabled 36035 | -2/Garrison | Discovered exit to Access (range 13) 36101 | -2/Garrison | Spotted Striker 36114 | -2/Garrison | Rewired Executioner 36135 | -2/Garrison | Destroyed Striker 36141 | -2/Garrison | Rewired Executioner 36258 | -2/Garrison | Entered Access 36258 | -1/Access | Accompanied by 2 allies 36258 | -1/Access | Evolved 2 slots: Propulsion x2 36551 | -1/Access | First assault squad dispatched 36850 | -1/Access | System corruption reached 10% 36886 | -1/Access | Lost 5 parts (5u) 36918 | -1/Access | Spotted B-99 Colossus 36918 | -1/Access | Spotted B-99 Colossus 37069 | -1/Access | P-80 Master assimilated allied Terminator 10b 37071 | -1/Access | Discovered new exit (range 4) 37076 | -1/Access | Entered Command 37098 | -1/Command | Lost 7 parts (1p3n2u1w) 37372 | -1/Command | First assault squad dispatched 37472 | -1/Command | Lost 4 allies 37478 | -1/Command | Lost 5 parts (1p2u2w) 37784 | -1/Command | Lost 21 parts (2p9n4u6w) 37889 | -1/Command | System corruption reached 30% 37910 | -1/Command | Lost 3 parts (1n1u1w) 38107 | -1/Command | Crushed by falling debris 38166 | -1/Command | Core integrity fell below 50% 38196 | -1/Command | Lost 24 parts (4p10n4u6w) 38374 | -1/Command | Build established: Scavenger-Mutant 38494 | -1/Command | Lost 11 parts (3p2n5u1w) 38512 | -1/Command | Spotted Alpha 7 38512 | -1/Command | Spotted Striker 38512 | -1/Command | Spotted Executioner 38512 | -1/Command | Spotted Executioner 38512 | -1/Command | Spotted Alpha 7 38512 | -1/Command | Spotted Striker 38512 | -1/Command | Spotted Executioner 38512 | -1/Command | Spotted Executioner 38512 | -1/Command | Spotted B-99 Colossus 38520 | -1/Command | Core integrity fell below 20% 38527 | -1/Command | Released all parts (7) 38528 | -1/Command | Destroyed by Alpha 7 with Enhanced Gamma Rifle Last Messages --------------- 38524_ Gui. Remote Datajack destroyed. 38525_ Alpha 7 knocked back. 38525_ Penetrated by Slug. 38525_ Adv. Remote Datajack destroyed. 38526_ Slug penetrates Door. 38526_ Penetrated by Slug. 38526_ Com. Wheel destroyed. 38526_ Slug penetrates Wall. 38526_ Penetrated by Slug. 38527_ Released Adv. Terrain Scan Processor. 38527_ Released Enh. Optical Array. 38527_ Released Adv. Target Analyzer. 38527_ Released Lrg. Storage Unit. 38527_ Released Graphene Brace. 38527_ Released Quantum Rifle. 38527_ Released HERF Cannon. 38527_ Acquired 4 matter. 38527_ Knocked back. 38528_ Penetrated by Slug. 38528_ Slug penetrates Wall. Map ----- +----------------------------------------------------+ | ??# """" #??? # ????????????????????????? | | ??# """" #??? #? ???????????????????????? | | ??# """" #??? +?? ??????????????????????? | | ??# """" #??# #??? ??????????????????????? | | ??########+##### #??????????????????????????? | | ??# # #??????????????????????????? | | ??# # #??????????????????????????? | | ??# " ######+##??????????????????? | | ??# "" # #??????????????????? | | ??#"""" # #######????????????? | | ??#"""" # ????????????? | | ??# "" # """" #?????????????? | | ??# # """" #?????????????? | | ??# # """" #?????????????? | | ??# + """" #?????????????? | | ??# # #?????????????? | | ??# ; #?????????????? | | ??#######+###### #?????????????? | | ???????# #?????????????? | | ???????# ###### !!! #?????????????? | | ???????# #????# !!! +?????????????? | | ???????# #????# !! #?????????????? | | ######## #????# ######?????????????? | | #????# #??????????????????? | | #????# % !![ #??????????????????? | | ### ##+######## ]%!@ 7 #??????????????????? | | #?# # ## %K7 KE #??????????????????? | | #?# # ############ EE #??????????????????? | | #?# # "" #??????????# #??????????????????? | | #?# # """" #??????????#++++#??????????????????? | | #?# # """" #?????????? ^#?????????????????? | | #?# # "" #?????????? #?????????????????? | | #?# # #????????? #????????????????? | | #?# # #?????????# ##????????????????? | | #?# # #????????? ?????????????????? | | #?# ##+#######?????????# ##????????????????? | | #?# ## #??????????????? ?????????????????? | | #?# ## #???????????????# ##????????????????? | | ### ## #??????????????? ?????????????????? | | ## #???????????????# "?????????????????? | | ###+###+######?????????? ????????????????? | | # #?????????? ????????????????? | | # #?????????? ???????????????? | | # "" #?????????? """""" ???????????????? | | # """"#?????????? ?????? #??????????????? | | # """"#?????????? ?????? #??????????????? | | # "" #?????????? ?????? #??????????????? | | # #?????????? ??????? ???????????????? | | " #?????????? ????????????????????????? | | # #???????????????????????????????????? | +----------------------------------------------------+ Best States ------------- Heat Dissipation 114 Coolant Potential 65 Energy Generation 75 Energy Capacity 1190 Matter Stores 300 Matter Capacity 300 Sight Range 22 Robot Scan Range 16 Terrain Scan Range 24 Terrain Scan Density 210 ECM Strength 1 Jamming Range 16 Cloak Strength 3 Power Amplification 30 Base Temperature (-) 200 EM Shielding 3 Armor Coverage 3650 Resistance: KI 30 Resistance: TH 30 Resistance: EM 90 Weapon Shielding 90 Weapon Cycling 25 Melee Speed Boost 20 Phase Shifting 15 Evasion (%) 70 Targeting Accuracy 8 Target Analysis 8 Core Analysis 6 Armor Integrity Analysis 40 Recoil Reduction 8 Energy Filtering 50 Offensive Hacking 25 Relay Coupler Types 4 Relay Coupler Value 93 Authchip Count 7 Item Schematics ----------------- Hcp. Storage Unit | -9/Materials | Scanalyzed Datajack | -9/Materials | Scanalyzed Hacking Suite | -8/Materials | Scanalyzed Lrg. Storage Unit | -8/Materials | Scanalyzed Robot Schematics ------------------ M-13 Machinist | -9/Materials | Hacked Fabricated ------------ M-13 Machinist | x1 | -4/Factory Alien Tech Used ----------------- Transdimensional Reconstructor Integrated Reactor Core Expander Achievements -------------- More Power To You Packrat Pwned Slippery One Sniper Challenges ------------ None Game ------ Seed SwordCoolantBrace Manual? 0 Play Time 07:53:10 Cumulative 126.3 hours Start 2024.09.24 @ 12:58:15 End 2024.09.24 @ 22:52:37 Sessions 3 Manual Loads 0 Difficulty Rogue Special Mode None Game No. 62 Rogue 62 Adventurer 0 Explorer 0 Win Type - Total 0 Types 0/0/0/0/0/0/0/0/0 Lore% 48 Gallery% 67 Achievement% 55 Wizard Run 0 Options --------- Layout 0 ASCII 0 Keyboard 0 Movement Mouse Keybinds 0 Fullscreen 1 Font 24/Smallcaps Map View 183x50 Zoom Use 0% Tactical HUD 1 Map Filters NONE Filters NONE Steam 0 RUN: 31e34cc8-c928-42c0-b974-f7c21b87bca6